Cogmind - Beta 16 @@@ ROGUE MODE // 2025.11.14 @ 01:23:23 Player: Cherman0 Result: Destroyed by Executioner with Helical Railgun Performance ------------- Evolutions (8) 4000 Regions Visited (29) 5800 Robots Destroyed (600) 3000 Value Destroyed (29613) 29613 Prototype IDs (107) 2140 Alien Tech Used (0) 0 Bonus (22797) 22797 TOTAL SCORE: 67350 Bonus ------- Triggered High Security 1000 High Alert Combat Kills 11133 Follower Combat Kills 3826 Entered Garrisons 1000 Used RIF Installer 4000 Network Hubs Disabled 400 Aligned with FarCom 300 Met Zhirov 300 Built Enhanced Grunts 300 A7 Reached Mainframe 300 Met R17 at Cetus 500 Met R17 at Research 2000 Friendly Fire -2262 Cogmind --------- Core Integrity 0/1450 Matter 300/300 Energy 99/100 System Corruption 3% Temperature Cool (0) Movement Core (50) Location -2/Research Parts ------- > --- POWER (3) -------- (None) > --- PROPULSION (6) --- (None) > --- UTILITY (11) ----- Experimental Targeting Computer Graphene Brace Relay Coupler [Behemoth] (10) > --- WEAPON (3) ------- (None) > --- INVENTORY (5) ---- Compact HERF Cannon Firepult Guided Micro-nuke Launcher Peak State ------------ > --- POWER ------------ Hybrid Antimatter Reactor Light Quantum Reactor Improved Quantum Reactor > --- PROPULSION ------- Centrium Heavy Treads Myomer Leg Myomer Leg Myomer Leg Biometal Leg > --- UTILITY ---------- Experimental Heat Sink Experimental Heat Sink Huge Storage Unit Seismic Detector Experimental Targeting Computer Advanced Kinecellerator Advanced Transmission Jammer Centrium Medium Armor Plating Graphene Brace Experimental EM Shield Advanced Force Field > --- WEAPON ----------- Firepult Advanced KE Penetrator > --- INVENTORY -------- High-capacity Storage Unit Improved Energy Well Advanced Energy Well Experimental Matter Compressor Experimental Sensor Array Advanced Signal Interpreter Experimental Targeting Computer Centrium Medium Armor Plating Improved Hacking Suite Relay Coupler [Behemoth] High-powered Tractor Beam Cooled Phase Gun Compact HERF Cannon Enhanced Nova Cannon Advanced KE Penetrator Advanced KE Penetrator Advanced KE Penetrator Helical Railgun Helical Railgun Gamma Bomb Array Guided Micro-nuke Launcher Advanced Remote Datajack [Rating: 190] Favorites ----------- Power Quantum Reactor Engine Improved Deuterium Engine Power Core Light Nuclear Core Reactor Quantum Reactor Propulsion Light Treads Treads Light Treads Leg Myomer Leg Flight Unit Improved Flight Unit Utility Huge Storage Unit Device Improved Cooling System Storage Huge Storage Unit Processor Core Analyzer Hackware Relay Coupler [NC] Protection Layered Light Armor Plating Weapon Gatling Laser Energy Gun Gatling Laser Energy Cannon Nova Cannon Ballistic Gun Heavy Assault Rifle Ballistic Cannon Hardcell Cannon Launcher Grenade Launcher Special Weapon Remote Datajack Impact Weapon Impact Mace Slashing Weapon Dual-blade Saw Special Melee Weapon Datajack Build | -11 -10 -10 -9 -9 -9 -8 -8 -8 -8 -8 -7 -7 -7 -7 -6 -6 -6 -6 -5 -4 -4 -4 -4 -4 -4 -4 -3 -3 -2 ------- Run | Yrd Mat Min Mat Min Exi Min Mat Gar Mat Gar Fac Was Fac Gar Fac Was Fac Gar Fac Fac Was Fac Ext Cet Arc Hub Res Gar Res Slots Evolved 16 | . . . 2 . . . 2 . . . 2 . . . 2 . . . 2 2 . . . . . . 2 . 2 Power 2 | . . . . . . . . . . . . . . . . . . . 1 . . . . . . . 1 . . Propulsion 4 | . . . 1 . . . . . . . 1 . . . . . . . 1 1 . . . . . . . . . Utility 9 | . . . 1 . . . 1 . . . 1 . . . 2 . . . . 1 . . . . . . 1 . 2 Weapon 1 | . . . . . . . 1 . . . . . . . . . . . . . . . . . . . . . . Parts Attached 284 | 3 15 6 27 4 2 . 26 6 1 8 9 5 1 4 2 10 3 20 8 12 11 6 13 7 2 20 23 4 26 Power 30 | . 2 . 4 1 . . 1 . . . . . . 1 . 1 . 2 . 2 3 . 1 2 . 2 2 . 6 Engine 7 | . 2 . 3 1 . . 1 . . . . . . . . . . . . . . . . . . . . . . Core 2 | . . . 1 . . . . . . . . . . . . . . . . . . . 1 . . . . . . Reactor 21 | . . . . . . . . . . . . . . 1 . 1 . 2 . 2 3 . . 2 . 2 2 . 6 Propulsion 57 | 2 2 1 12 2 . . 8 1 . 3 2 2 . . . 3 . 4 1 2 1 . 2 1 . 3 . . 5 Treads 51 | 2 2 1 11 2 . . 8 1 . 3 2 2 . . . 3 . 4 1 2 1 . 2 1 . 3 . . . Leg 5 | . . . . . . . . . . . . . . . . . . . . . . . . . . . . . 5 Wheel . | . . . . . . . . . . . . . . . . . . . . . . . . . . . . . . Hover . | . . . . . . . . . . . . . . . . . . . . . . . . . . . . . . Flight 1 | . . . 1 . . . . . . . . . . . . . . . . . . . . . . . . . . Utility 114 | 1 3 1 5 1 . . 9 2 . 2 3 2 1 2 2 5 1 7 3 4 5 5 8 2 2 11 14 3 10 Device 68 | 1 . 1 3 1 . . 3 1 . . 2 1 1 . 1 2 . 4 1 4 3 4 5 . 2 9 13 1 5 Storage 9 | . 3 . . . . . . . . . . . . . . . . . 1 . . . 2 . . . . 1 2 Processor 5 | . . . . . . . . . . . . . . . . . 1 1 . . . . . . . 1 . . 2 Hackware 10 | . . . . . . . 2 . . 1 1 . . . . 1 . . 1 . . . . . . 1 1 1 1 Protection 22 | . . . 2 . . . 4 1 . 1 . 1 . 2 1 2 . 2 . . 2 1 1 2 . . . . . Artifact . | . . . . . . . . . . . . . . . . . . . . . . . . . . . . . . Weapon 83 | . 8 4 6 . 2 . 8 3 1 3 4 1 . 1 . 1 2 7 4 4 2 1 2 2 . 4 7 1 5 Energy Gun 21 | . 2 3 . . . . 2 . 1 2 2 . . . . . 1 3 2 . 1 . . . . . 1 . 1 Energy Cannon 11 | . 2 . . . . . . . . . . . . 1 . . 1 1 1 1 . 1 . . . . 1 1 1 Ballistic Gun 33 | . 2 1 4 . 1 . 5 3 . . . . . . . . . 1 . 3 1 . 2 2 . 4 3 . 1 Ballistic Cannon 2 | . . . . . . . . . . . . . . . . . . 1 . . . . . . . . 1 . . Launcher 9 | . 2 . 1 . . . . . . 1 . 1 . . . . . . 1 . . . . . . . 1 . 2 Special Weapon 2 | . . . . . . . . . . . 1 . . . . . . 1 . . . . . . . . . . . Impact Weapon 3 | . . . 1 . . . 1 . . . 1 . . . . . . . . . . . . . . . . . . Slashing Weapon 1 | . . . . . . . . . . . . . . . . 1 . . . . . . . . . . . . . Piercing Weapon . | . . . . . . . . . . . . . . . . . . . . . . . . . . . . . . Special Melee Weapon 1 | . . . . . 1 . . . . . . . . . . . . . . . . . . . . . . . . Unidentified Prototypes 37 | . . . 2 1 . . 4 . 1 . 1 . . . . . . . 2 1 . 1 1 3 . 1 14 . 5 Corrupted Parts 4 | . . . . . . . . . . . . . . . . . . . . . . . . 2 . 2 . . . System Corruption 18 | . . . . . . . . . . . . . . . . . . . . . . . . 6 . 12 . . . Parts Lost 51 | . 3 1 2 3 . . 2 . . . . . 1 . . . . . 3 5 . . 4 . . 2 . . 25 Power 7 | . 1 . 2 1 . . . . . . . . . . . . . . . . . . . . . . . . 3 Propulsion 13 | . 1 1 . 2 . . 1 . . . . . . . . . . . . 1 . . 1 . . 1 . . 5 Utility 20 | . . . . . . . . . . . . . 1 . . . . . 2 1 . . 2 . . 1 . . 13 Weapon 11 | . 1 . . . . . 1 . . . . . . . . . . . 1 3 . . 1 . . . . . 4 Highest Loss Streak 14 | . 2 1 1 2 . . 1 . . . . . 1 . . . . . 1 3 . . 2 . . 1 . . 14 To Critical Strikes 1 | . . . . 1 . . . . . . . . . . . . . . . . . . . . . . . . . Average Backups 21 | 6 16 23 24 23 23 23 22 23 23 22 22 23 19 20 19 21 17 19 19 18 19 19 20 21 21 21 23 23 22 Power . | 1 1 1 . . . . . . . . . . . . 1 1 1 1 . . 1 1 1 1 1 . . . . Propulsion 1 | 4 3 2 3 1 1 1 2 3 3 3 2 1 . . . 1 2 1 1 1 . 1 . . . . . . . Utility 9 | . 3 8 9 10 10 10 8 8 8 8 9 11 9 9 7 9 6 7 9 7 10 9 9 9 11 10 12 12 12 Weapon 8 | 1 7 10 10 10 10 10 10 10 10 9 8 9 8 8 8 8 7 7 7 7 6 6 7 8 8 8 10 10 8 Tool/Special . | . . . . . . . . . . . . . . . . . . . . . . . . . . . . . . Unused Backups 57 | 4 9 2 10 1 . . 4 . . 2 1 2 1 2 1 3 . 1 . 1 1 . 2 2 . 1 1 1 5 Power 5 | 1 1 . . . . . . . . . . . . . . 2 . . . 1 . . . . . . . . . Propulsion 9 | . 3 1 2 . . . . . . . . 2 . . . 1 . . . . . . . . . . . . . Utility 23 | 1 1 1 3 1 . . 2 . . 1 . . 1 2 1 . . . . . . . 2 1 . 1 1 . 4 Weapon 20 | 2 4 . 5 . . . 2 . . 1 1 . . . . . . 1 . . 1 . . 1 . . . 1 1 Tool/Special . | . . . . . . . . . . . . . . . . . . . . . . . . . . . . . . Average Slot Usage (%) 90 | . 99 99 96 99 99 100 99 100 99 100 99 76 82 83 85 66 86 82 80 79 79 84 83 81 83 79 88 90 88 Engine 5 | . 13 14 6 10 11 11 9 9 9 9 7 7 7 3 . . . . . . . . . . . . . . . Reactor 4 | . . . . . . . . . . . . . . 3 6 6 6 6 9 10 10 10 9 10 10 10 14 14 12 Treads 21 | . 28 27 33 32 33 33 26 27 27 27 29 21 14 15 13 12 13 13 11 13 15 15 14 15 15 18 19 19 13 Device 17 | . 14 14 13 11 11 11 9 9 9 4 14 7 22 17 25 6 26 26 18 24 16 21 26 30 30 21 26 27 29 Storage 7 | . 14 14 11 11 11 11 9 9 9 9 7 7 7 7 6 6 6 6 5 5 5 5 5 5 5 5 4 4 3 Processor 1 | . . . . . . . . . . . . . . . . . 3 6 5 5 5 5 2 . . . 4 4 3 Hackware 2 | . . . . . . . 3 9 9 9 7 1 . . . 5 2 . 3 5 5 4 . . . 2 . . 3 Protection 7 | . . . 7 11 11 11 13 9 9 13 7 6 6 12 12 6 6 5 5 . 4 5 6 4 5 5 4 4 3 Energy Gun 4 | . 9 10 1 . . . . . . 1 15 9 18 17 17 6 14 7 15 5 . . 1 . . . . . . Ballistic Gun 13 | . 13 17 20 21 16 22 26 18 26 20 5 . . . . . . 3 . 5 10 14 12 13 10 12 12 12 11 Peak Build Rating 190 | 7 11 16 21 26 23 23 55 42 42 43 53 78 69 75 90 93 86 103 99 129 132 133 135 149 148 152 173 176 190 Average Rating 73 | 6 8 11 17 18 19 23 35 39 41 41 47 64 66 71 82 88 82 93 91 114 124 125 127 139 146 140 166 167 172 On Entrance 75 | 6 7 10 16 19 18 22 23 41 42 42 41 50 78 68 72 90 81 86 88 82 119 124 128 132 147 148 149 169 161 Avg Prop Armor Cover (%) 5 | . . . . . . . . . . . 5 . . . . . . . . . 4 . . 7 . . 9 . 7 Naked Turns . | . . . . . . . . . . . . . . . . . . . . . . . . . . . . . . Heaviest Build 205 | 12 52 94 100 100 98 98 114 108 107 110 112 145 110 129 162 162 130 138 153 170 182 155 155 154 160 202 205 184 184 Greatest Support 210 | 40 40 40 63 60 60 60 60 60 60 60 82 140 140 140 140 140 140 140 153 200 200 200 210 210 210 210 209 209 209 Greatest Overweight (x) 4 | . 1 2 1 1 1 1 2 1 1 1 1 1 1 . 1 1 . 1 1 1 1 . 1 1 . 1 1 . 4 Average Overweight (x) . | . . 1 1 1 1 1 1 1 1 1 1 . . . . . . . . . . . . . . . . . . Largest Inventory Capacity 25 | 8 25 25 25 25 25 25 25 25 25 25 25 25 25 25 25 25 25 25 25 25 25 25 25 25 25 25 25 25 25 Average Capacity 24 | 8 19 24 25 25 25 25 25 25 25 25 25 25 25 25 25 25 25 25 25 25 25 25 25 25 25 25 25 25 24 Most Carried 25 | 8 20 25 25 25 25 25 25 25 25 25 25 25 25 25 25 25 25 25 25 25 25 25 25 25 25 25 25 25 25 Average Carried 24 | 6 16 23 24 23 23 25 24 25 25 24 24 24 24 24 24 24 24 24 24 23 23 24 24 24 25 24 24 24 24 Final Capacity 25 | 8 20 25 25 25 25 25 25 25 25 25 25 25 25 25 25 25 25 25 25 25 25 25 25 25 25 25 25 25 5 Final Carried 25 | 8 20 25 25 23 25 25 25 25 25 25 25 25 25 25 25 25 25 25 25 24 25 24 25 25 25 25 25 25 5 Class Distribution -------------------- 51% | Scavenger-Tank 28% | Scavenger-Mutant 8% | Mutant 6% | Scavenger-Skirmisher Dominant Class ---------------- Mutant | -10/Materials Mutant | -10/Mines Scavenger-Mutant | -9/Materials Scavenger-Mutant | -9/Mines Scavenger-Mutant | -9/Exiles Scavenger-Mutant | -8/Mines Scavenger-Tank | -8/Materials Commander-Mutant | -8/Garrison Commander-Skirmisher | -8/Materials Scavenger-Mutant | -8/Garrison Scavenger-Tank | -7/Factory Scavenger-Mutant | -7/Waste Scavenger-Mutant | -7/Factory Scavenger-Mutant | -7/Garrison Scavenger-Tank | -6/Factory Scavenger-Tank | -6/Waste Scavenger-Tank | -6/Factory Scavenger-Tank | -6/Garrison Scavenger-Tank | -5/Factory Scavenger-Tank | -4/Factory Scavenger-Tank | -4/Waste Tank | -4/Factory Scavenger-Tank | -4/Extension Scavenger-Tank | -4/Cetus Scavenger-Tank | -4/Archives Scavenger-Tank | -4/Hub_04(d) Scavenger-Tank | -3/Research Scavenger-Tank | -3/Garrison Scavenger-Tank | -2/Research Resources | -11 -10 -10 -9 -9 -9 -8 -8 -8 -8 -8 -7 -7 -7 -7 -6 -6 -6 -6 -5 -4 -4 -4 -4 -4 -4 -4 -3 -3 -2 ----------- Run | Yrd Mat Min Mat Min Exi Min Mat Gar Mat Gar Fac Was Fac Gar Fac Was Fac Gar Fac Fac Was Fac Ext Cet Arc Hub Res Gar Res Matter Collected 22267 | 254 399 331 974 367 30 142 1323 44 272 906 247 218 105 627 170 315 230 729 752 492 623 701 1305 352 198 2325 2085 2106 3645 Remotely 3817 | . . . . . . . . . . . . . . . . . . . . . . . 284 352 198 1308 260 400 1015 Salvage Created 35190 | 170 883 656 1739 391 . 107 1734 44 130 651 202 . 105 1024 257 1637 335 1752 1740 843 1122 1271 1826 501 198 3401 2201 2555 7715 Parts 1453 | 13 52 37 102 26 . 11 106 . 11 51 7 . . 55 8 23 9 63 51 35 22 64 71 24 13 133 80 110 276 Haulers Intercepted 31 | . 2 . 6 . . . 5 . 2 . 1 . . . . . . . 1 . . . . . . 2 9 . 3 Recyclers Shooed 14 | . . 1 3 . . . . . 1 . . . . . . . . . 2 4 . . 1 . . . . . 2 Parts Field Recycled . | . . . . . . . . . . . . . . . . . . . . . . . . . . . . . . Retrieved Matter . | . . . . . . . . . . . . . . . . . . . . . . . . . . . . . . Parts Self-Destructed . | . . . . . . . . . . . . . . . . . . . . . . . . . . . . . . Prevented . | . . . . . . . . . . . . . . . . . . . . . . . . . . . . . . Parts Restored . | . . . . . . . . . . . . . . . . . . . . . . . . . . . . . . Kills | -11 -10 -10 -9 -9 -9 -8 -8 -8 -8 -8 -7 -7 -7 -7 -6 -6 -6 -6 -5 -4 -4 -4 -4 -4 -4 -4 -3 -3 -2 ------- Run | Yrd Mat Min Mat Min Exi Min Mat Gar Mat Gar Fac Was Fac Gar Fac Was Fac Gar Fac Fac Was Fac Ext Cet Arc Hub Res Gar Res Combat Hostiles Destroyed 482 | . 19 9 25 22 . 7 28 . 1 16 3 . 1 34 5 6 7 35 33 9 1 15 17 6 . 36 21 37 89 Melee 2 | . . . . . . . . . . . . . . . . . . 1 . . . . . . . . . . 1 Guns 363 | . 15 6 20 13 . 5 28 . 1 14 3 . 1 21 5 . 5 22 28 5 1 15 14 6 . 28 18 34 55 Cannons 13 | . 2 . . . . . . . . . . . . . . 4 . 4 . 2 . . . . . . . . 1 AOE 52 | . 2 3 4 9 . 2 . . . 2 . . . 13 . . . 3 1 . . . 2 . . . 3 3 5 Classes Destroyed 25 | 2 5 1 3 2 . . 3 . . 1 . . . . 1 1 . 1 . . . . . . . 2 2 . 1 Worker 12 | . . . 3 . . . 1 . . . . . . . 1 . . . . . . 1 . . . 3 . . 3 Builder 17 | . . 1 1 . . . 5 . . . . . . . . . . . 2 . . . 1 . . 1 . . 6 Tunneler 11 | 5 . 2 1 . . . . . . . . . . . . . . . . . . 1 1 . . . . . 1 Hauler 31 | . 2 . 6 . . . 5 . 2 . 1 . . . . . . . 1 . . . . . . 2 9 . 3 Recycler 13 | 1 . 2 3 . . . 1 . . . 1 . 1 . . . . . . 1 . . 2 . . . . . 1 Mechanic 3 | . . . . . . . . . . . . . . . . . . . . . . . . . . 1 . . 2 Operator 6 | . 3 . 1 . . . . . . . . . . . . . . . . . . . 1 . . . . . 1 Watcher 23 | . 3 . 5 . . . 5 . . . . . . . . . 1 . 1 . . . 3 1 . 2 1 . 1 Swarmer 79 | . 3 3 4 7 . 6 7 . . 3 . . . 16 1 . . 9 2 . . . 2 . . 1 4 7 4 Saboteur 3 | . . . . . . . . . . . . . . . . . . . . . . . . . . . . . 3 Grunt 176 | . 16 6 10 6 . 1 8 . . 4 . . . 15 . . 3 10 15 1 . 9 5 . . 13 5 5 44 Brawler 21 | . . . 1 . . . . . . . . . . . 1 . . . 2 . . 1 2 . . 2 . 6 6 Duelist 15 | . . . . . . . . . . . . . . . 1 . . . 3 . . . 1 . . 3 1 . 6 Protector 5 | . . . . . . . . . . . . . . . . . . . . . . . . . . 2 . . 3 Sentry 61 | . . . 10 . . . 8 . 1 4 1 . . 2 1 . . 10 5 1 . . 5 . . 2 1 4 6 Demolisher 5 | . . . . 1 . . . . . . 1 . . . . . . . . 1 . . . . . . 2 . . Specialist 5 | . . . . . . . 2 . . 1 . . . . . . . . 1 . . . . . . . . 1 . Hunter 34 | . . . . . . . 2 . . . . . 1 . . . 3 1 5 5 . 2 . . . 3 1 7 4 Programmer 42 | . . . . . . . . . . 4 1 . . 1 1 . 1 4 . 1 . 3 . . . 4 3 6 13 Heavy 1 | . . . . . . . 1 . . . . . . . . . . . . . . . . . . . . . . Behemoth 3 | . . . . . . . . . . . . . . . . . . 1 . . . . 1 . . . . 1 . Compactor 7 | . . . . . . . . . . . . . . . . 6 . . . . 1 . . . . . . . . Cetus Guard 6 | . . . . . . . . . . . . . . . . . . . . . . . . 6 . . . . . Enhanced Grunt 1 | . . . . . . . . . . . . . . . . . . . . . . . . . . 1 . . . Lightning 6 | . . . . . . . . . . . . . . . . . . . . . . . . . . 6 . . . Striker 3 | . . . . . . . . . . . . . . . . . . . . . . . . . . . 3 . . Executioner 1 | . . . . . . . . . . . . . . . . . . . . . . . . . . . 1 . . Assembled 8 | . . . . 8 . . . . . . . . . . . . . . . . . . . . . . . . . Thug 6 | . . 3 . . . . . . . . . . . . . . . . . . 1 1 1 . . . . . . Savage 1 | . . . . . . . . . . . . . . . . . . . . . . . . . 1 . . . . Martyr 2 | . . . . . . . . . . . . . . 1 . . . . . . 1 . . . . . . . . Guerrilla 1 | . . . . . . . . . . . . . . . . . . . . . . . 1 . . . . . . Best Kill Streak 18 | 3 4 3 6 7 . 3 8 . 2 3 2 . 1 6 4 1 3 4 18 4 1 7 5 4 . 7 5 6 17 Combat Bots Only 15 | . 4 3 6 7 . 3 7 . 1 3 2 . 1 6 3 1 3 4 15 3 1 7 3 3 . 6 4 6 13 Max Kills in Single Turn 5 | 1 1 3 4 4 . 2 2 . 1 1 1 . 1 3 2 1 1 2 2 2 1 2 4 1 1 2 3 2 5 Gunslinging 2 | . . . . . . . 1 . . . . . . 1 . . . . 1 . . 1 . . . . 2 1 1 Exploded 4 | . 1 2 4 4 . 2 . . . 1 . . . 3 . . . 2 1 . . . 2 . . . 3 2 3 Melee 1 | . . . . . . . . . . . . . . . . . . 1 . . . . . . . . . . 1 Uniques/NPCs Destroyed . | . . . . . . . . . . . . . . . . . . . . . . . . . . . . . . Combat | -11 -10 -10 -9 -9 -9 -8 -8 -8 -8 -8 -7 -7 -7 -7 -6 -6 -6 -6 -5 -4 -4 -4 -4 -4 -4 -4 -3 -3 -2 -------- Run | Yrd Mat Min Mat Min Exi Min Mat Gar Mat Gar Fac Was Fac Gar Fac Was Fac Gar Fac Fac Was Fac Ext Cet Arc Hub Res Gar Res Hostile Shots Fired 2225 | . 95 38 138 57 . 12 117 . 1 35 28 . 6 107 14 . 32 165 217 73 . 42 120 14 . 220 66 101 527 Missed 629 | . 26 9 41 12 . 1 24 . . 7 9 . 1 34 7 . 7 58 62 29 . 12 26 3 . 57 21 28 155 Hits 1596 | . 69 29 97 45 . 11 93 . 1 28 19 . 5 73 7 . 25 107 155 44 . 30 94 11 . 163 45 73 372 Melee 23 | . . . . 5 . . . . . . . . . . 2 . . . 1 . . . 2 . . 1 6 . 6 Projectile 1573 | . 69 29 97 40 . 11 93 . 1 28 19 . 5 73 5 . 25 107 154 44 . 30 92 11 . 162 39 73 366 AOE 14 | . . . . 4 . . . . . . 4 . . . . . . . 1 . . . . . . . 5 . . Critical Strikes 82 | . . 2 3 1 . . 3 . . 3 . . . 1 1 . 3 2 7 . . 1 6 5 . 18 4 3 19 Actively Blocked 42 | . . . . . . . . . . . . . . . . . 2 2 . . . 1 5 5 . 3 4 1 19 Part Disruptions 4 | . . . . . . . . . . . . . . . . . . . 1 . . . . . . 1 . 1 1 Damage Taken 24945 | . 800 391 1322 714 . 123 1325 . 48 462 280 183 79 972 111 . 414 1289 2314 876 . 620 1937 239 . 2204 1123 844 6275 Core 3077 | . 115 35 146 62 . . 169 . 14 30 61 51 14 66 6 . 41 91 129 71 . 39 154 . . 171 125 17 1470 Absorbed by Shields 4747 | . . . . . . . . . . . . . . . . . . . 778 . . . 229 75 . . 475 711 2479 Reduced by Siege Mode 765 | . . . . . . . . . . . . . . . . . 26 . 216 . . 142 100 . . 69 59 51 102 Ignored by Resistances 3636 | . . . . . . . 56 . . . . . . . . . . . . . . . . . . 2458 . 184 938 Regen/Repaired (Parts) 2174 | . 116 . 248 . . . 300 . . . 18 13 209 258 84 . . . 43 . . . . . . . 82 703 100 Core Remaining (%) 71 | 100 . 40 . . . 48 . . . 61 . . . 72 . . . 83 87 . . . . . . 62 . 89 . Volleys Fired 1631 | 24 77 56 111 37 . 14 87 4 9 32 15 9 3 45 11 113 24 98 67 47 24 35 75 15 47 136 86 118 212 Largest 3 | 2 2 2 2 2 . 2 3 3 3 3 3 1 3 3 3 1 3 3 3 3 2 3 3 3 1 3 3 3 3 Hottest 250 | 70 112 79 98 46 . 46 131 84 84 84 240 5 240 240 240 85 240 240 240 228 113 113 227 105 113 113 148 120 250 Shots Fired 3540 | 39 149 110 219 69 . 26 260 12 27 84 31 12 8 110 25 113 50 199 160 76 37 92 193 44 48 365 214 264 504 Gun 3049 | 39 139 106 218 64 . 24 260 12 27 79 24 3 8 97 21 4 43 112 144 47 31 85 168 43 22 344 200 232 453 Cannon 333 | . 6 . . . . . . . . . . . . 2 1 102 5 68 7 16 6 4 14 . 23 10 5 26 38 Launcher 68 | . 4 4 1 5 . 2 . . . 5 . . . 11 . . . 4 4 . . . 1 . . 10 5 3 9 Special 90 | . . . . . . . . . . . 7 9 . . 3 7 2 15 5 13 . 3 10 1 3 1 4 3 4 Kinetic 2486 | 24 77 84 189 64 . 24 256 12 27 79 6 . . . . . . 74 . 26 31 85 139 43 22 344 200 232 448 Thermal 876 | 15 62 22 29 . . . 4 . . . 18 3 8 99 22 106 48 106 151 23 6 4 43 . 23 10 5 26 43 Explosive 50 | . 4 4 1 5 . 2 . . . 5 . . . 11 . . . 4 3 . . . 1 . . . 5 3 2 Electromagnetic 38 | . 6 . . . . . . . . . . . . . . . . . 1 14 . . . . . 10 . . 7 Robot Hit Streak 66 | 6 15 10 17 9 . 7 15 11 8 6 20 10 4 17 13 14 20 55 66 23 6 15 22 13 8 14 21 49 33 Robot Miss Streak 7 | 2 5 3 4 3 . 1 5 1 2 3 2 1 4 7 2 2 4 2 3 4 2 2 4 2 2 5 4 3 3 Penetration Max 3 | . . . . . . . 1 . . 1 . . . . . . . . . 1 1 3 1 1 . 2 1 2 2 Secondary Targets 67 | . 4 1 2 1 . . 5 . . 2 1 . . 6 . . . 1 9 . . 4 1 3 . 6 5 3 13 Max Gunslinging Chain 2 | . 1 1 1 1 . . 1 . . 1 1 . . 1 . . . 1 1 . . 1 1 1 . 1 2 1 1 Autonomous 75 | . . . . . . . . . . . . . . . . . . 75 . . . . . . . . . . . Shots Hit Robots 2438 | 28 105 75 155 43 4 17 173 20 19 41 21 10 8 72 19 91 39 153 136 52 29 65 138 29 16 232 134 163 351 Core Hits 1395 | 12 52 34 64 34 . 9 69 3 4 27 16 1 2 78 17 13 31 73 155 28 9 48 59 14 7 134 58 84 260 Critical Kills 117 | 2 2 . 1 . . . 2 . 1 1 . . . . . 2 . 4 . 2 5 14 13 7 4 17 10 7 23 Critical Parts Destroyed 117 | . 1 2 . . . 1 3 1 . . . . . . . . . 2 . 3 . 18 15 5 1 20 14 5 26 Critical Strikes 271 | 6 8 4 5 . . 1 5 1 1 1 . 1 . . . 2 . 6 . 5 11 35 32 14 5 37 25 17 49 Burn 17 | 4 4 2 4 . . . . . . . . 1 . . . . . . . . . . 2 . . . . . . Meltdown 7 | . . . . . . . . . . . . . . . . 2 . 4 . . . . 1 . . . . . . Destroy 244 | 2 3 2 1 . . 1 4 1 1 1 . . . . . . . 1 . 5 11 35 29 14 5 37 25 17 49 Corrupt 1 | . 1 . . . . . . . . . . . . . . . . . . . . . . . . . . . . Smash 2 | . . . . . . . 1 . . . . . . . . . . 1 . . . . . . . . . . . Melee Attacks 146 | . . . 5 . 4 . 6 13 . 28 . 1 6 50 . . 5 28 . . . . . . . . . . . Impact 133 | . . . 5 . . . 6 4 . 28 . 1 6 50 . . 5 28 . . . . . . . . . . . Slashing . | . . . . . . . . . . . . . . . . . . . . . . . . . . . . . . Piercing . | . . . . . . . . . . . . . . . . . . . . . . . . . . . . . . Sneak Attacks 17 | . . . . . 4 . 3 9 . . . . 1 . . . . . . . . . . . . . . . . Combat Hostiles . | . . . . . . . . . . . . . . . . . . . . . . . . . . . . . . Follow-up Attacks . | . . . . . . . . . . . . . . . . . . . . . . . . . . . . . . Damage Inflicted 70912 | 264 1244 1141 2767 1243 . 391 3286 155 396 1560 531 78 288 2664 464 2906 992 4988 4293 1086 451 1171 2922 277 104 7179 4577 6108 17386 Guns 52813 | 264 1004 886 2473 650 . 258 2805 155 374 993 501 78 106 1657 464 64 992 2929 3556 589 214 940 2151 277 104 5523 4366 5871 12569 Cannons 6148 | . 114 . . . . . . . . . . . . . . 2842 . 1487 . 473 237 . 474 . . 41 . . 480 Explosions 10689 | . 114 243 179 554 . 120 . . . 567 . . . 1007 . . . 403 694 . . 226 256 . . 1592 177 220 4337 Melee 627 | . . . . . . . 276 . . . . . 182 . . . . 169 . . . . . . . . . . . Ramming 635 | . 12 12 115 39 . 13 205 . 22 . 30 . . . . . . . 43 24 . 5 41 . . 23 34 17 . Kinetic 42335 | 153 462 736 2082 650 . 258 2763 155 374 993 76 . . . . . . 2012 . 239 214 940 1623 277 104 5523 4366 5871 12464 Thermal 18589 | 111 573 150 391 . . . 42 . . . 425 78 106 1657 464 2906 992 2404 3556 350 237 . 1002 . . 205 . . 2940 Explosive 5309 | . 83 243 179 554 . 120 . . . 567 . . . 1007 . . . 403 605 . . 226 256 . . . 177 220 669 Electromagnetic 3417 | . 114 . . . . . . . . . . . . . . . . . 89 473 . . . . . 1428 . . 1313 Impact 627 | . . . . . . . 276 . . . . . 182 . . . . 169 . . . . . . . . . . . Slashing . | . . . . . . . . . . . . . . . . . . . . . . . . . . . . . . Piercing . | . . . . . . . . . . . . . . . . . . . . . . . . . . . . . . Highest Corruption 28 | . . . . . . . . . . 1 . 28 28 27 . . 1 3 2 2 2 2 2 8 8 11 4 5 2 Average Corruption 6 | . . . . . . . . . . 1 . 22 26 26 . . 1 1 1 1 2 2 2 5 3 6 3 4 1 Corruption Purged 15 | . . . . . . . . . . . . . 3 . . . . . . . . . . . 6 6 . . . Corruption Blocked . | . . . . . . . . . . . . . . . . . . . . . . . . . . . . . . Effects 391 | . . . . . . . . . . 13 . 24 33 96 . . 7 35 6 3 22 13 37 12 7 40 8 34 1 Message Errors 97 | . . . . . . . . . . 2 . 4 7 28 . . 2 6 3 1 5 3 5 4 2 11 2 12 . Matter Fused 82 | . . . . . . . . . . 6 . 9 6 15 . . 4 6 1 1 5 2 10 1 3 5 2 5 1 Heat Flow Errors 41 | . . . . . . . . . . . . 3 3 12 . . . 5 . . 3 . 4 1 . 3 1 6 . Energy Discharges 50 | . . . . . . . . . . . . 1 2 18 . . . 6 1 1 6 3 2 3 . 5 . 2 . Parts Rejected 3 | . . . . . . . . . . . . . . 1 . . . . . . . . 1 1 . . . . . Parts Fused 2 | . . . . . . . . . . . . . . . . . . 1 . . . . . . . 1 . . . Data Loss (minor) 48 | . . . . . . . . . . 3 . 2 8 7 . . . 3 1 . 1 4 7 2 1 5 2 2 . Data Loss (major) 23 | . . . . . . . . . . 1 . 1 4 5 . . . 5 . . 1 . 3 . . 1 1 1 . Misfires 20 | . . . . . . . . . . . . 3 1 4 . . . 1 . . . 1 3 . 1 5 . 1 . Alerts 10 | . . . . . . . . . . 1 . . . 2 . . . . . . 1 . 2 . . 1 . 3 . Misdirections 1 | . . . . . . . . . . . . 1 . . . . . . . . . . . . . . . . . Weapon Failures 14 | . . . . . . . . . . . . . 2 4 . . 1 2 . . . . . . . 3 . 2 . Overload Shots . | . . . . . . . . . . . . . . . . . . . . . . . . . . . . . . Overflow Damage 549 | . . . . 12 . . 230 . . . . . 127 . . . . 58 3 . 9 . 39 . . 10 . . 61 Projectiles 82 | . . . . . . . . . . . . . . . . . . 45 . . 9 . 28 . . . . . . Explosions 80 | . . . . 6 . . . . . . . . . . . . . . 3 . . . . . . 10 . . 61 Melee 387 | . . . . 6 . . 230 . . . . . 127 . . . . 13 . . . . 11 . . . . . . Knockbacks 7 | . . . . . . . 2 . . . . . 1 . . . . 1 1 . . . 1 . . . . 1 . Impact 7 | . . . . . . . 2 . . . . . 1 . . . . 1 1 . . . 1 . . . . 1 . Kinetic . | . . . . . . . . . . . . . . . . . . . . . . . . . . . . . . Secondary . | . . . . . . . . . . . . . . . . . . . . . . . . . . . . . . Self-Inflicted Damage 248 | . 17 48 9 . . . . . . . . . . 29 . . . 6 44 . . . . . . 38 22 . 35 Shots 32 | . 1 2 1 . . . . . . . . . . 1 . . . 1 2 . . . . . . 11 1 . 12 Rammed 41 | . 3 3 7 3 . 1 11 . 1 . 1 . . . . . . . 3 3 . 1 1 . . 1 1 1 . Targets Rammed 46 | . 3 3 9 3 . 1 14 . 1 . 1 . . . . . . . 3 3 . 1 1 . . 1 1 1 . Kicked . | . . . . . . . . . . . . . . . . . . . . . . . . . . . . . . Crushed 5 | . . . 2 . . . 3 . . . . . . . . . . . . . . . . . . . . . . Highest Temperature 564 | 200 228 141 245 32 . 2 289 . 89 154 174 188 209 255 27 232 30 205 222 72 273 321 184 153 96 255 132 356 564 Average Temperature 52 | 92 55 24 64 10 . 2 50 . 29 48 72 72 61 78 11 36 10 35 36 47 90 84 27 93 36 56 35 62 61 Received Heat Transfer 4897 | . 372 201 555 126 . 6 495 . 18 81 24 . . 198 12 . 51 348 679 57 . 135 360 . . 220 28 74 857 Effects 12 | . . . 1 . . . 1 . . . . . . . . . . . . . . 2 . . . 1 . 2 5 Shutdowns 3 | . . . . . . . . . . . . . . . . . . . . . . 1 . . . . . 1 1 Energy Bleed 5 | . . . 1 . . . . . . . . . . . . . . . . . . 1 . . . 1 . 1 1 Interference 2 | . . . . . . . 1 . . . . . . . . . . . . . . . . . . . . . 1 Matter Decay 1 | . . . . . . . . . . . . . . . . . . . . . . . . . . . . . 1 Damage (core) 1 | . . . . . . . . . . . . . . . . . . . . . . . . . . . . . 1 Siege Activations 41 | . . . . . . . . . . . . . . . . 3 2 3 4 . . 3 2 . . 5 3 8 8 Total Turns 801 | . . . . . . . . . . . . . . . . 37 53 15 117 . . 49 42 . . 172 46 136 134 Longest Duration 85 | . . . . . . . . . . . . . . . . 24 31 9 77 . . 28 23 . . 85 24 37 23 Martial Activations . | . . . . . . . . . . . . . . . . . . . . . . . . . . . . . . Shielding Activations . | . . . . . . . . . . . . . . . . . . . . . . . . . . . . . . Robots Disrupted . | . . . . . . . . . . . . . . . . . . . . . . . . . . . . . . Combat Hostiles . | . . . . . . . . . . . . . . . . . . . . . . . . . . . . . . Robots Corrupted 21 | . . . . . . . 1 . . . . . 1 . . . . . . 2 . . 1 . . 8 . . 8 Combat Hostiles 18 | . . . . . . . . . . . . . . . . . . . . 2 . . . . . 8 . . 8 Parts Fried 57 | . . . . . . . 3 . . . . . 1 2 . . . . . 7 . . 6 1 . 17 . . 20 Impact Corruptions 14 | . . . . 1 . . 8 . . . 1 . 2 . . . . 1 . . . . 1 . . . . . . Robots Melted 37 | . . . 1 . . . . . . . . . . . . 2 2 6 4 . . . 1 . . . . . 21 Combat Hostiles 35 | . . . 1 . . . . . . . . . . . . 2 2 6 4 . . . 1 . . . . . 19 Parts Melted 122 | 2 2 . 2 . . 1 . . . . 2 . . 9 4 3 9 15 17 . . 1 2 . . . . . 53 Heat Transferred 42943 | 629 1938 545 999 . . . 74 . . . 900 275 250 3570 1025 3591 2225 3501 8075 775 222 . 1443 . . 187 . . 12719 Parts Sabotaged 9 | . . . . . . . . . . . . . . . . . . . 3 . . . . . . . . . 6 Parts Stolen . | . . . . . . . . . . . . . . . . . . . . . . . . . . . . . . Parts Stripped . | . . . . . . . . . . . . . . . . . . . . . . . . . . . . . . Power Chain Reactions 7 | . 1 . . . . . . . . . . . . . . . . . 1 . . . . . . 3 . . 2 Alert | -11 -10 -10 -9 -9 -9 -8 -8 -8 -8 -8 -7 -7 -7 -7 -6 -6 -6 -6 -5 -4 -4 -4 -4 -4 -4 -4 -3 -3 -2 ------- Run | Yrd Mat Min Mat Min Exi Min Mat Gar Mat Gar Fac Was Fac Gar Fac Was Fac Gar Fac Fac Was Fac Ext Cet Arc Hub Res Gar Res Maximum Alert Level 5 | . 1 . 1 1 . . 1 3 2 3 2 . . 3 2 . . 4 5 4 1 1 2 1 . 4 2 4 5 Low Security (%) 51 | 100 96 100 79 99 . 100 72 1 . . . 100 100 18 . 100 100 21 . . 76 98 40 32 100 25 . . . Level 1 17 | . 3 . 20 . . . 27 47 37 12 67 . . 34 85 . . 13 . . 23 1 51 67 . 17 . . . Level 2 10 | . . . . . . . . 47 62 33 32 . . 15 14 . . 14 . . . . 7 . . 5 100 23 . Level 3 11 | . . . . . . . . 3 . 54 . . . 31 . . . 30 12 96 . . . . . 43 . 35 38 Level 4 5 | . . . . . . . . . . . . . . . . . . 19 63 3 . . . . . 8 . 40 29 Level 5 1 | . . . . . . . . . . . . . . . . . . . 8 . . . . . . . . . 20 High Security . | . . . . . . . . . . . . . . . . . . . 15 . . . . . . . . . 11 Max Security . | . . . . . . . . . . . . . . . . . . . . . . . . . . . . . . Peak Influence 2465 | 15 210 130 270 203 . 66 335 731 499 1093 573 73 31 832 436 71 83 1559 1835 1100 348 202 412 292 60 1196 668 1436 2465 Initial 1100 | . . 70 . 55 . . . 143 356 319 573 73 . . 436 71 . 37 818 1100 348 . 69 220 52 . 603 495 807 Average 356 | 2 57 18 89 65 . 12 135 404 411 749 358 13 2 465 323 4 10 669 1409 1034 102 88 217 216 14 571 529 1003 1370 Influence Increases 18069 | 30 718 266 992 386 . 272 980 588 362 874 88 45 39 832 107 8 223 1542 1517 259 . 638 1071 212 60 1764 660 961 2575 Destroy 0b10 Robot/C 8850 | . 380 180 500 280 . 200 560 . 120 465 45 . 15 510 75 . 105 645 750 135 . 330 495 120 . 675 315 585 1365 Destroy 0b10 Robot/NC 669 | 30 40 25 100 . . . 85 5 24 . 8 . 4 . 4 . 4 8 48 16 . 12 40 8 12 72 40 . 84 Destroy Leader 1546 | . 110 40 172 40 . 40 180 . 48 24 18 . 8 24 16 . 34 16 110 42 . 66 54 . . 148 100 40 216 Allied During Kill 1621 | . . . . . . 22 . . 103 132 . . 3 36 7 . . 163 153 4 . 186 325 78 12 315 . 40 42 Successful Hack 317 | . 23 . 40 . . . 40 . . 18 4 . . 6 4 . 34 . 9 . . 4 55 . . 3 41 11 25 Select Force Hacks 188 | . 60 . 60 . . . 30 . . . . . . . . . . . . . . . . . . 38 . . . Disable Machine 618 | . 30 . 15 15 . . 30 . 36 . 12 . . 24 . . . 48 120 12 . 12 24 . 24 144 36 12 24 Anti-Garrison Action 1779 | . . . . . . . . 575 . 188 . . . 151 . . . 526 113 . . . . . . 113 . 113 . Destroy Structure 1914 | . 30 21 15 36 . 10 10 8 19 35 1 45 9 81 1 8 10 136 166 26 . 16 42 6 12 256 80 100 735 Partial Spotted 54 | . . . 15 . . . 15 . . . . . . . . . . . . . . 12 . . . . . 12 . Lose Combat Pursuer 513 | . 45 . 75 15 . . 30 . 12 12 . . . . . . 36 . 48 24 . . 36 . . . 48 48 84 Influence Decreases 15821 | 30 535 449 849 439 90 272 760 77 601 273 972 254 39 . 736 211 170 36 1241 1299 997 496 819 476 190 613 1150 186 1561 Entered New Map 6111 | . . 113 . 88 90 . . 77 375 173 520 136 . . 396 132 . 16 741 937 649 . 73 174 78 . 548 166 629 Time Decay 7989 | 30 515 332 624 351 . 232 580 . 206 . 452 118 39 . 310 79 170 . 380 262 348 334 566 262 112 513 562 . 612 Lost Part 444 | . 20 4 20 . . . 20 . . . . . . . . . . . 30 50 . . 30 . . 20 . . 250 Lost Ally 922 | . . . . . . 40 10 . 20 100 . . . . 30 . . 20 90 50 . 162 150 40 . 80 40 20 70 Purge Threat 355 | . . . 205 . . . 150 . . . . . . . . . . . . . . . . . . . . . . Squads Dispatched 96 | . 9 . 2 . . . 10 . . . 3 . . . 1 . 3 . 12 3 . 5 2 . . 11 8 . 27 Investigation 16 | . 6 . 2 . . . 4 . . . . . . . . . 1 . . . . 1 . . . 1 1 . . Extermination 15 | . . . . . . . . . . . 1 . . . 1 . 2 . . . . 2 . . . 4 . . 5 Reinforcement 28 | . 3 . . . . . 3 . . . 2 . . . . . . . 2 2 . 2 2 . . 3 7 . 2 Assault 30 | . . . . . . . . . . . . . . . . . . . 7 1 . . . . . 3 . . 19 Garrison 7 | . . . . . . . 3 . . . . . . . . . . . 3 . . . . . . . . . 1 Intercept . | . . . . . . . . . . . . . . . . . . . . . . . . . . . . . . Searches Triggered . | . . . . . . . . . . . . . . . . . . . . . . . . . . . . . . Construction Impeded 4 | . . . . . . . . . . . . . . . . . . . 2 1 . . 1 . . . . . . Haulers Reinforced 7 | . . . . . . . . . . . 1 . . . . . . . . . . . . . . . 5 . 1 Active Scanning Responses . | . . . . . . . . . . . . . . . . . . . . . . . . . . . . . . Cargo Convoy Interrupts . | . . . . . . . . . . . . . . . . . . . . . . . . . . . . . . Stealth | -11 -10 -10 -9 -9 -9 -8 -8 -8 -8 -8 -7 -7 -7 -7 -6 -6 -6 -6 -5 -4 -4 -4 -4 -4 -4 -4 -3 -3 -2 --------- Run | Yrd Mat Min Mat Min Exi Min Mat Gar Mat Gar Fac Was Fac Gar Fac Was Fac Gar Fac Fac Was Fac Ext Cet Arc Hub Res Gar Res Distress Signals 35 | . . . 2 1 . . 4 . 2 . . . . . . . 1 . 4 1 . . 3 2 . 1 7 . 7 Communications Jammed 150 | . . . . . . . . . 2 . . . . . . . . . . . . 2 41 2 . 25 1 . 77 Distress Signals 133 | . . . . . . . . . . . . . . . . . . . . . . 2 41 2 . 19 1 . 68 Times Spotted 700 | . 30 9 39 24 . 10 44 . 9 21 4 4 4 27 5 6 11 42 65 13 1 21 39 9 . 59 37 30 137 Peak Tracking Total 20 | . 3 3 6 5 . 3 8 . 3 6 2 2 1 6 3 3 4 4 9 3 1 9 5 5 . 6 6 6 20 Tactical Retreats 29 | . 2 . 4 2 . . 1 . 1 1 . . . . . . 1 . 1 2 . . 3 . . . 4 1 6 Traps | -11 -10 -10 -9 -9 -9 -8 -8 -8 -8 -8 -7 -7 -7 -7 -6 -6 -6 -6 -5 -4 -4 -4 -4 -4 -4 -4 -3 -3 -2 ------- Run | Yrd Mat Min Mat Min Exi Min Mat Gar Mat Gar Fac Was Fac Gar Fac Was Fac Gar Fac Fac Was Fac Ext Cet Arc Hub Res Gar Res Traps Triggered 30 | . 4 . . . . . . 1 . 8 1 . . 1 2 . 1 6 1 1 . . 1 . . 1 . 1 1 Indirectly . | . . . . . . . . . . . . . . . . . . . . . . . . . . . . . . Trap Hack Attempts 25 | . . . . . . . 25 . . . . . . . . . . . . . . . . . . . . . . Triggered 1 | . . . . . . . 1 . . . . . . . . . . . . . . . . . . . . . . Disarmed . | . . . . . . . . . . . . . . . . . . . . . . . . . . . . . . Reprogrammed 3 | . . . . . . . 3 . . . . . . . . . . . . . . . . . . . . . . Reused . | . . . . . . . . . . . . . . . . . . . . . . . . . . . . . . Traps Extracted . | . . . . . . . . . . . . . . . . . . . . . . . . . . . . . . Installed . | . . . . . . . . . . . . . . . . . . . . . . . . . . . . . . Triggered . | . . . . . . . . . . . . . . . . . . . . . . . . . . . . . . Machines | -11 -10 -10 -9 -9 -9 -8 -8 -8 -8 -8 -7 -7 -7 -7 -6 -6 -6 -6 -5 -4 -4 -4 -4 -4 -4 -4 -3 -3 -2 ---------- Run | Yrd Mat Min Mat Min Exi Min Mat Gar Mat Gar Fac Was Fac Gar Fac Was Fac Gar Fac Fac Was Fac Ext Cet Arc Hub Res Gar Res Machines Disabled 67 | . 2 . 1 1 . . 2 . 3 4 1 . . 3 . . . 9 11 1 . 1 5 . 2 13 3 3 2 Max in Single Turn 2 | . 1 . 1 1 . . 1 . . 1 . . . 1 . . . 1 1 . . 1 1 . 1 1 1 2 1 Garrison Access 6 | . . . . . . . . . . . . . . . . . . . 1 1 . . . . . 1 3 . . Garrison Relay 3 | . . . . . . . . . . 1 . . . 1 . . . 1 . . . . . . . . . . . Phase Generator 1 | . . . . . . . . . . . . . . . . . . 1 . . . . . . . . . . . Network Hub 2 | . . . . . . . . . . . . . . . . . . . . . . . . . . 2 . . . Machines Repaired . | . . . . . . . . . . . . . . . . . . . . . . . . . . . . . . Machines Dismantled . | . . . . . . . . . . . . . . . . . . . . . . . . . . . . . . Machines Sabotaged 1 | . . . . . . . . . . . . . . . . . . . . . . . . . . 1 . . . Overloaded Fab Kills . | . . . . . . . . . . . . . . . . . . . . . . . . . . . . . . Hacking | -11 -10 -10 -9 -9 -9 -8 -8 -8 -8 -8 -7 -7 -7 -7 -6 -6 -6 -6 -5 -4 -4 -4 -4 -4 -4 -4 -3 -3 -2 --------- Run | Yrd Mat Min Mat Min Exi Min Mat Gar Mat Gar Fac Was Fac Gar Fac Was Fac Gar Fac Fac Was Fac Ext Cet Arc Hub Res Gar Res Machines Accessed 113 | . 8 . 18 . 2 . 16 4 2 3 4 . 3 4 2 . 8 2 5 2 . 4 8 . . 3 7 2 6 Terminals 67 | . 5 . 12 . . . 10 4 . 3 2 . . 4 1 . 2 2 3 . . 2 8 . . 3 1 2 3 Fabricators 10 | . . . . . . . . . . . 1 . . . 1 . 3 . 1 1 . 1 . . . . 1 . 1 Repair Stations 11 | . 1 . 2 . . . 2 . . . . . 2 . . . . . . . . 1 . . . . 2 . 1 Recycling Units 6 | . 2 . 2 . . . 1 . . . . . . . . . 1 . . . . . . . . . . . . Scanalyzers 9 | . . . 2 . . . 2 . 1 . 1 . . . . . 1 . 1 . . . . . . . . . 1 Garrison Access 8 | . . . . . . . 1 . 1 . . . 1 . . . 1 . . 1 . . . . . . 3 . . Total Hacks 327 | . 19 . 48 . 2 . 64 9 7 6 12 . 8 9 5 . 21 4 10 2 . 10 25 . . 9 21 9 27 Successful 151 | . 9 . 32 . 2 . 38 2 4 3 6 . 5 1 2 . 6 . 6 1 . 2 9 . . 4 11 2 6 Failed 174 | . 10 . 15 . . . 26 7 3 3 6 . 3 8 3 . 15 4 4 1 . 8 16 . . 5 10 7 20 Catastrophic 41 | . 2 . 2 . . . 2 3 1 2 1 . . 3 1 . 2 1 3 1 . . 5 . . 2 4 4 2 Database Lockouts 2 | . . . 1 . . . . . . . . . . . . . . . . . . . . . . . . . 1 Manual 135 | . 15 . 26 . 1 . 25 2 3 2 2 . 1 1 2 . 8 . 2 . . 4 17 1 . 4 6 7 6 Terminals 179 | . 13 . 32 . . . 33 9 . 6 3 . . 9 2 . 5 4 5 . . 5 25 . . 9 2 9 8 Fabricators 35 | . . . . . . . . . . . 3 . . . 3 . 11 . 2 1 . 3 . . . . 6 . 6 Repair Stations 48 | . 3 . 8 . . . 13 . . . . . 6 . . . . . . . . 2 . . . . 8 . 8 Recycling Units 7 | . 3 . 2 . . . 1 . . . . . . . . . 1 . . . . . . . . . . . . Scanalyzers 40 | . . . 6 . . . 15 . 3 . 6 . . . . . 2 . 3 . . . . . . . . . 5 Garrison Access 16 | . . . . . . . 2 . 4 . . . 2 . . . 2 . . 1 . . . . . . 5 . . Terminal Hacks 31 | . 2 . 7 . 2 . 6 2 . 3 . . . 1 . . 1 . 2 . . . 1 . . 3 . 1 . Record 1 | . . . . . 1 . . . . . . . . . . . . . . . . . . . . . . . . Robot Schematic 1 | . 1 . . . . . . . . . . . . . . . . . . . . . . . . . . . . Prototype ID Bank 8 | . 1 . 1 . . . 2 . . . . . . . . . 1 . 1 . . . 1 . . 1 . . . Open Door 2 | . . . . . . . . . . 1 . . . 1 . . . . . . . . . . . . . . . Emergency Access Points 2 | . . . . . . . . 1 . 1 . . . . . . . . . . . . . . . . . . . Terminal Index 3 | . . . 1 . . . 1 . . . . . . . . . . . 1 . . . . . . . . . . Alert Level 2 | . . . 1 . . . 1 . . . . . . . . . . . . . . . . . . . . . . Unreport Threat 3 | . . . 2 . . . 1 . . . . . . . . . . . . . . . . . . . . . . Locate Traps 2 | . . . 1 . . . . . . . . . . . . . . . . . . . . . . 1 . . . Hauler Manifests 1 | . . . . . . . 1 . . . . . . . . . . . . . . . . . . . . . . Zone Layout 2 | . . . 1 . . . . . . . . . . . . . . . . . . . . . . 1 . . . Garrison Registry 1 | . . . . . . . . . . . . . . . . . . . . . . . . . . . . 1 . Patrol Navigation 1 | . . . . . . . . . . 1 . . . . . . . . . . . . . . . . . . . Security Stations 1 | . . . . . . . . 1 . . . . . . . . . . . . . . . . . . . . . Proto ID Catalog 1 | . . . . . 1 . . . . . . . . . . . . . . . . . . . . . . . . Fabricator Hacks 7 | . . . . . . . . . . . 1 . . . 1 . 1 . 1 . . 1 . . . . 1 . 1 Network Status 7 | . . . . . . . . . . . 1 . . . 1 . 1 . 1 . . 1 . . . . 1 . 1 Repair Station Hacks 31 | . 2 . 6 . . . 12 . . . . . 4 . . . . . . . . . . . . . 4 . 3 Scan Component 18 | . 1 . 3 . . . 6 . . . . . 3 . . . . . . . . . . . . . 3 . 2 Repair 13 | . 1 . 3 . . . 6 . . . . . 1 . . . . . . . . . . . . . 1 . 1 Recycling Unit Hacks . | . . . . . . . . . . . . . . . . . . . . . . . . . . . . . . Scanalyzer 22 | . . . 5 . . . 6 . 2 . 5 . . . . . . . 3 . . . . . . . . . 1 Insert Component 7 | . . . 1 . . . 3 . 1 . 1 . . . . . . . 1 . . . . . . . . . . Analyze 7 | . . . 1 . . . 3 . 1 . 1 . . . . . . . 1 . . . . . . . . . . Retrieve Study 8 | . . . 3 . . . . . . . 3 . . . . . . . 1 . . . . . . . . . 1 Garrison Access Hacks 10 | . . . . . . . 1 . 1 . . . 1 . . . 1 . . 1 . . . . . . 5 . . Unlock Access 5 | . . . . . . . 1 . 1 . . . 1 . . . 1 . . . . . . . . . 1 . . Seal Access 3 | . . . . . . . . . . . . . . . . . . . . 1 . . . . . . 2 . . Coupler Status 2 | . . . . . . . . . . . . . . . . . . . . . . . . . . . 2 . . Unauthorized Hacks 50 | . 5 . 14 . . . 13 . 1 . . . . . 1 . 3 . . . . 1 8 . . 1 1 1 1 Terminals 38 | . 3 . 12 . . . 12 . . . . . . . . . 1 . . . . . 8 . . 1 . 1 . Assimilate 3 | . . . . . . . 2 . . . . . . . . . . . . . . . 1 . . . . . . Botnet 4 | . . . 1 . . . . . . . . . . . . . 1 . . . . . 1 . . . . 1 . Operators 2 | . . . 1 . . . . . . . . . . . . . . . . . . . 1 . . . . . . Skim 28 | . 3 . 10 . . . 10 . . . . . . . . . . . . . . . 5 . . . . . . Sabotage 1 | . . . . . . . . . . . . . . . . . . . . . . . . . . 1 . . . Fabricators 6 | . . . . . . . . . . . . . . . 1 . 2 . . . . 1 . . . . 1 . 1 Report 1 | . . . . . . . . . . . . . . . . . 1 . . . . . . . . . . . . Haulers 5 | . . . . . . . . . . . . . . . 1 . 1 . . . . 1 . . . . 1 . 1 Repair Stations . | . . . . . . . . . . . . . . . . . . . . . . . . . . . . . . Recycling Units 5 | . 2 . 2 . . . 1 . . . . . . . . . . . . . . . . . . . . . . Tunnel 5 | . 2 . 2 . . . 1 . . . . . . . . . . . . . . . . . . . . . . Scanalyzers . | . . . . . . . . . . . . . . . . . . . . . . . . . . . . . . Garrison Access 1 | . . . . . . . . . 1 . . . . . . . . . . . . . . . . . . . . Intercept 1 | . . . . . . . . . 1 . . . . . . . . . . . . . . . . . . . . Data Cores Recovered 1 | . . . . . . . . . . . . . . . . . . . . . . . 1 . . . . . . Used 1 | . . . . . . . . . . . . . . . . . . . . . . . 1 . . . . . . Hacking Detections 94 | . 6 . 15 . . . 14 4 2 2 3 . 3 3 2 . 8 2 4 1 . 3 8 . . 2 5 2 5 Full Trace Events 7 | . . . . . . . 1 2 . . . . . 1 . . 1 . . . . 1 . . . . . 1 . Feedback Events . | . . . . . . . . . . . . . . . . . . . . . . . . . . . . . . Feedback Blocked . | . . . . . . . . . . . . . . . . . . . . . . . . . . . . . . Robot Schematics Acquired 1 | . 1 . . . . . . . . . . . . . . . . . . . . . . . . . . . . Robots Built . | . . . . . . . . . . . . . . . . . . . . . . . . . . . . . . Authchips . | . . . . . . . . . . . . . . . . . . . . . . . . . . . . . . Time . | . . . . . . . . . . . . . . . . . . . . . . . . . . . . . . Total Robot Build Rating . | . . . . . . . . . . . . . . . . . . . . . . . . . . . . . . Part Schematics Acquired 3 | . . . 1 . . . . . . . 1 . . . . . . . 1 . . . . . . . . . . Parts Built . | . . . . . . . . . . . . . . . . . . . . . . . . . . . . . . Authchips . | . . . . . . . . . . . . . . . . . . . . . . . . . . . . . . Time . | . . . . . . . . . . . . . . . . . . . . . . . . . . . . . . Total Part Build Rating . | . . . . . . . . . . . . . . . . . . . . . . . . . . . . . . Part Studies Acquired 8 | . . . 3 . . . . . . . 3 . . . . . . . 1 . . . . . . . . . 1 Parts Repaired 13 | . 1 . 3 . . . 6 . . . . . 1 . . . . . . . . . . . . . 1 . 1 Time 700 | . 26 . 114 . . . 296 . . . . . 78 . . . . . . . . . . . . . 62 . 124 Parts Recycled . | . . . . . . . . . . . . . . . . . . . . . . . . . . . . . . Recycled Matter . | . . . . . . . . . . . . . . . . . . . . . . . . . . . . . . Retrieved Matter . | . . . . . . . . . . . . . . . . . . . . . . . . . . . . . . Retrieved Components . | . . . . . . . . . . . . . . . . . . . . . . . . . . . . . . Parts Scanalyzed 3 | . . . 1 . . . 1 . . . . . . . . . . . 1 . . . . . . . . . . Part Schematics Acquired 3 | . . . 1 . . . . . . . 1 . . . . . . . 1 . . . . . . . . . . Parts Damaged 2 | . . . . . . . 1 . 1 . . . . . . . . . . . . . . . . . . . . Bothacking | -11 -10 -10 -9 -9 -9 -8 -8 -8 -8 -8 -7 -7 -7 -7 -6 -6 -6 -6 -5 -4 -4 -4 -4 -4 -4 -4 -3 -3 -2 ------------ Run | Yrd Mat Min Mat Min Exi Min Mat Gar Mat Gar Fac Was Fac Gar Fac Was Fac Gar Fac Fac Was Fac Ext Cet Arc Hub Res Gar Res Used RIF Installer 8 | . . . . . . . . 2 . 2 . . . 1 . . . 1 . . . . . . . . . 2 . Threat Obfuscator 1 | . . . . . . . . 1 . . . . . . . . . . . . . . . . . . . . . Zone Cloak 1 | . . . . . . . . . . . . . . . . . . 1 . . . . . . . . . . . Robot Detection 1 | . . . . . . . . . . 1 . . . . . . . . . . . . . . . . . . . Watcher Feeds 1 | . . . . . . . . . . . . . . . . . . . . . . . . . . . . 1 . Alert ID Control 1 | . . . . . . . . . . 1 . . . . . . . . . . . . . . . . . . . Program Shield 1 | . . . . . . . . . . . . . . . . . . . . . . . . . . . . 1 . Autooverride 1 | . . . . . . . . . . . . . . 1 . . . . . . . . . . . . . . . Robots Hacked 37 | . . . . . 4 . . . . . 2 7 . . 2 6 2 . 3 2 . 1 1 1 2 1 1 1 1 Non-combat 18 | . . . . . 3 . . . . . 2 . . . 2 . 2 . 3 2 . 1 . . . 1 1 1 . Combat 19 | . . . . . 1 . . . . . . 7 . . . 6 . . . . . . 1 1 2 . . . 1 Robot Hacks Applied 37 | . . . . . 4 . . . . . 2 7 . . 2 6 2 . 3 2 . 1 1 1 2 1 1 1 1 parse_system 10 | . . . . . 4 . . . . . . 1 . . . . . . . . . . 1 1 2 . 1 . . find_chute 4 | . . . . . . . . . . . 1 . . . 1 . . . 1 1 . . . . . . . . . drop_inventory 5 | . . . . . . . . . . . . . . . . . 2 . 1 1 . . . . . 1 . . . find_recycling 1 | . . . . . . . . . . . . . . . 1 . . . . . . . . . . . . . . ignore_targets 12 | . . . . . . . . . . . . 6 . . . 6 . . . . . . . . . . . . . overwrite_iff 1 | . . . . . . . . . . . . . . . . . . . . . . . . . . . . . 1 formatsys_low 4 | . . . . . . . . . . . 1 . . . . . . . 1 . . 1 . . . . . 1 . Relay Couplers Released 18 | . . . . . . . . . . 4 . . . 4 . . . 4 2 . . . . . . 3 1 . . Machine Destruction 18 | . . . . . . . . . . 4 . . . 4 . . . 4 2 . . . . . . 3 1 . . Attached 6 | . . . . . . . . . . . 1 . . . . 1 . . 1 . . . . . . 1 . 1 1 Fabnet Peak Effective % . | . . . . . . . . . . . . . . . . . . . . . . . . . . . . . . Robots Rewired 27 | . . . . . . . . 8 . . . . . . . . . 8 . 4 . . 6 . . . . 1 . Allies Hacked 3 | . . . . . . . . . . . . . . 1 . . . . . . . 1 . . . . . 1 . Hacks Repelled . | . . . . . . . . . . . . . . . . . . . . . . . . . . . . . . Allies | -11 -10 -10 -9 -9 -9 -8 -8 -8 -8 -8 -7 -7 -7 -7 -6 -6 -6 -6 -5 -4 -4 -4 -4 -4 -4 -4 -3 -3 -2 -------- Run | Yrd Mat Min Mat Min Exi Min Mat Gar Mat Gar Fac Was Fac Gar Fac Was Fac Gar Fac Fac Was Fac Ext Cet Arc Hub Res Gar Res Total Allies 95 | . . 1 . 3 . . 1 8 . 2 1 20 . 1 . . . 8 1 4 20 1 14 5 . . . 4 1 Largest Group 21 | . . 1 . 3 3 3 1 8 8 6 2 21 3 3 3 . . 6 6 3 20 18 9 8 8 6 . 3 3 Highest-Rated Group 802 | . . 31 . 40 40 40 16 176 176 159 78 515 88 88 78 . . 407 403 110 802 703 485 700 700 512 . 187 187 Highest-Rated Ally 159 | . . 31 . 16 16 16 16 39 39 39 39 35 35 35 27 . . 148 148 49 50 47 159 159 159 96 . 95 148 Total Orders 80 | . . . . . . . . . . 7 1 . . . . . . 9 1 5 . 14 9 4 3 4 20 1 2 STAY 20 | . . . . . . . . . . 4 . . . . . . . 5 . . . 1 3 2 2 2 . . 1 ROAM 1 | . . . . . . . . . . 1 . . . . . . . . . . . . . . . . . . . FOLLOW 16 | . . . . . . . . . . 2 . . . . . . . 4 . . . 1 3 2 1 2 . . 1 AID 3 | . . . . . . . . . . . 1 . . . . . . . 1 . . . . . . . . 1 . EXPLORE 23 | . . . . . . . . . . . . . . . . . . . . 3 . 6 1 . . . 13 . . RETURN 17 | . . . . . . . . . . . . . . . . . . . . 2 . 6 2 . . . 7 . . Ally Attacks 825 | . . . . . . 23 8 . 91 61 3 122 1 1 5 . . 34 87 11 1 67 151 19 . 89 . 26 25 Total Damage 23577 | . . . . . . 247 81 . 1055 870 254 4792 45 81 83 . . 881 2912 336 18 1675 3883 589 . 3705 . 1078 992 Kills 146 | . . . . . . 3 . . 12 16 1 18 . . . . . 9 27 3 . 9 19 3 . 19 . 2 5 Allies Corrupted 11 | . . . . . . . . . . . . 6 . . 2 1 . . . . . 1 1 . . . . . . Allies Melted . | . . . . . . . . . . . . . . . . . . . . . . . . . . . . . . Intel | -11 -10 -10 -9 -9 -9 -8 -8 -8 -8 -8 -7 -7 -7 -7 -6 -6 -6 -6 -5 -4 -4 -4 -4 -4 -4 -4 -3 -3 -2 ------- Run | Yrd Mat Min Mat Min Exi Min Mat Gar Mat Gar Fac Was Fac Gar Fac Was Fac Gar Fac Fac Was Fac Ext Cet Arc Hub Res Gar Res Active Infowar (turns) 37389 | 18 2895 1919 3516 1699 621 1357 3861 60 427 935 1070 254 609 580 659 259 1265 2539 643 468 933 1071 2624 357 . 1583 1664 1321 2182 Optics 1 | . . . . . . . . . . . . . . . . . . 1 . . . . . . . . . . . Sensors 7660 | . . . . 1 . . . . . . 179 216 . . 541 259 824 . 389 133 930 805 1125 . . 547 814 2 895 A.S.S. 2 | . . . . . . . 2 . . . . . . . . . . . . . . . . . . . . . . IFF 2509 | . . . . . . . . . . . 309 . 229 . . . . 2 122 466 928 453 . . . . . . . Terrain 2 | . . . . . . . . . . . . . . . . . . . . . . . 2 . . . . . . Seismic 27129 | 18 2895 1919 3516 1699 621 1357 3859 . . . 1020 253 609 444 656 8 1264 . 575 . . 367 1385 . . 814 1452 989 1409 Cloaking 3254 | . . . . . . . . . . . . . . . . . . . . . . . . . . . 1092 679 1483 Jamming 14764 | . . . . . . . . 60 427 935 583 . 351 221 . . 3 2537 55 48 . 432 2620 357 . 1539 1229 1321 2046 Robot Analysis Total . | . . . . . . . . . . . . . . . . . . . . . . . . . . . . . . Derelict Logs Recovered 4 | . . 2 . 2 . . . . . . . . . . . . . . . . . . . . . . . . . Drone Launches 24 | . . . . . . . . . . . . . . . . . . . . 3 . 8 2 . . . 11 . . Drone Recoveries 18 | . . . . . . . . . . . . . . . . . . . . 2 . 8 2 . . . 6 . . Exploration | -11 -10 -10 -9 -9 -9 -8 -8 -8 -8 -8 -7 -7 -7 -7 -6 -6 -6 -6 -5 -4 -4 -4 -4 -4 -4 -4 -3 -3 -2 ------------- Run | Yrd Mat Min Mat Min Exi Min Mat Gar Mat Gar Fac Was Fac Gar Fac Was Fac Gar Fac Fac Was Fac Ext Cet Arc Hub Res Gar Res Turns Passed 45608 | 124 2895 1919 3576 1699 621 1357 5567 1266 427 1802 1122 537 611 1739 680 1203 1265 2550 1058 562 1270 1071 2624 561 337 1904 1665 1342 2254 Spaces Moved 18976 | 20 1043 542 1304 763 302 635 2230 602 191 766 524 238 317 846 375 371 635 1180 414 210 630 510 1271 261 73 738 662 524 799 Core 35 | . . . . . . . . . . . . . . . . . . . . . . . . . . . . . 35 Treads 18782 | 20 1043 542 1304 763 302 635 2230 602 191 766 524 238 317 846 375 371 635 1180 414 210 630 510 1271 261 73 738 662 524 605 Legs 159 | . . . . . . . . . . . . . . . . . . . . . . . . . . . . . 159 Wheels . | . . . . . . . . . . . . . . . . . . . . . . . . . . . . . . Hover . | . . . . . . . . . . . . . . . . . . . . . . . . . . . . . . Flight . | . . . . . . . . . . . . . . . . . . . . . . . . . . . . . . Fastest Speed 50 | 160 160 240 200 200 200 200 200 200 200 200 196 155 160 160 160 160 160 160 160 163 176 176 173 170 170 165 165 165 50 Average Speed 192 | 160 228 314 223 200 200 200 200 200 200 200 198 209 164 160 161 239 160 177 170 185 177 176 174 185 170 180 166 165 166 Slowest Speed 400 | 160 240 320 240 200 200 200 240 200 200 200 200 240 240 160 240 240 160 245 225 245 260 176 270 260 170 246 240 165 400 Overloaded Moves . | . . . . . . . . . . . . . . . . . . . . . . . . . . . . . . Propulsion Burnouts . | . . . . . . . . . . . . . . . . . . . . . . . . . . . . . . Robots Hopped . | . . . . . . . . . . . . . . . . . . . . . . . . . . . . . . Potential Cave-ins . | . . . . . . . . . . . . . . . . . . . . . . . . . . . . . . Cave-ins Triggered . | . . . . . . . . . . . . . . . . . . . . . . . . . . . . . . Exploration Rate (%) 61 | 3 98 97 98 99 70 94 97 89 23 94 17 87 10 89 10 96 16 87 18 9 97 21 96 66 55 46 56 74 29 Regions Visited 29 Branch Regions 8 Pre-discovered Areas 18 | . 2 1 8 1 1 . 5 . . . . . . . . . . . . . . . . . . . . . . Known Exits Taken 8 | . . . 1 . . 1 1 . 1 . . . 1 . . . 1 . . . . 1 . . . . 1 . . Unknown Exits Taken 10 | 1 1 1 . 1 1 . . . . . . . . . . . . . 1 . . . 1 1 1 1 . . . Scrap Searched 6 | . . 3 . 2 . 1 . . . . . . . . . . . . . . . . . . . . . . . Spaces Dug 208 | . . . 2 11 . . 3 3 . 19 . 1 4 41 1 . 9 17 5 1 . 4 1 . 9 15 6 25 31 Terrain Destroyed 864 | . 28 28 10 42 . 10 4 3 . 28 . 1 4 50 1 8 10 98 19 2 . 7 14 2 10 88 53 41 303 Melee 91 | . . . 2 . . . 3 3 . 19 . 1 4 41 . . 5 13 . . . . . . . . . . . Projectile 474 | . . . . . . . 1 . . 1 . . . . 1 8 5 9 6 2 . 4 9 . 10 70 51 32 265 AOE 288 | . 28 28 8 42 . 10 . . . 8 . . . 9 . . . 76 13 . . . 3 . . 15 2 8 38 Terrain Rammed . | . . . . . . . . . . . . . . . . . . . . . . . . . . . . . . Walls Destroyed . | . . . . . . . . . . . . . . . . . . . . . . . . . . . . . . Machines Disabled . | . . . . . . . . . . . . . . . . . . . . . . . . . . . . . . Actions | -11 -10 -10 -9 -9 -9 -8 -8 -8 -8 -8 -7 -7 -7 -7 -6 -6 -6 -6 -5 -4 -4 -4 -4 -4 -4 -4 -3 -3 -2 --------- Run | Yrd Mat Min Mat Min Exi Min Mat Gar Mat Gar Fac Was Fac Gar Fac Was Fac Gar Fac Fac Was Fac Ext Cet Arc Hub Res Gar Res Total 24896 | 76 1411 653 1744 864 318 694 3119 644 215 909 576 276 387 1021 427 579 818 1475 597 323 747 608 1523 309 241 1079 1074 834 1355 Wait 2547 | 28 241 24 212 45 1 42 645 5 11 33 6 2 45 35 11 53 131 82 51 12 39 25 90 9 113 97 195 136 128 Move 18951 | 19 1042 541 1303 762 301 634 2229 601 190 765 524 237 316 845 375 370 634 1179 414 210 629 509 1270 260 72 737 661 523 799 Hop . | . . . . . . . . . . . . . . . . . . . . . . . . . . . . . . Pick Up 217 | 2 19 10 26 1 3 . 21 1 . 6 3 1 2 3 4 6 3 12 6 9 5 3 13 3 1 12 19 6 17 Fast Attach 159 | 1 2 . 4 1 . . 16 . 2 . 2 6 2 3 3 6 . 11 5 5 5 4 13 5 3 12 22 . 26 Attach 110 | . 1 1 6 4 1 . 3 . . . 3 1 5 . 3 4 . 6 6 8 6 . 8 . . 7 10 1 26 Detach 67 | . . . . 2 1 . 2 . . . 2 5 1 . 6 . . 6 2 5 1 . 3 . . 8 5 . 18 Swap 621 | 2 18 11 31 8 4 3 34 14 . 25 17 1 3 34 10 11 19 30 38 15 10 22 31 7 2 48 37 43 93 Drop 346 | . 8 7 37 1 3 . 37 5 2 8 3 13 2 6 4 16 2 23 6 9 13 8 19 10 3 21 38 6 36 Fire 1631 | 24 77 56 111 37 . 14 87 4 9 32 15 9 3 45 11 113 24 98 67 47 24 35 75 15 47 136 86 118 212 Melee 146 | . . . 5 . 4 . 6 13 . 28 . 1 6 50 . . 5 28 . . . . . . . . . . . Ram . | . . . . . . . . . . . . . . . . . . . . . . . . . . . . . . Kick . | . . . . . . . . . . . . . . . . . . . . . . . . . . . . . . Crush 45 | . 3 3 9 3 . 1 14 . 1 . 1 . . . . . . . 2 3 . 1 1 . . 1 1 1 . Escape Stasis 15 | . . . . . . . . . . 12 . . 2 . . . . . . . . 1 . . . . . . . Rewire 16 | . . . . . . . . 1 . . . . . . . . . . . . 15 . . . . . . . . Trap 25 | . . . . . . . 25 . . . . . . . . . . . . . . . . . . . . . . Miscellaneous . | . . . . . . . . . . . . . . . . . . . . . . . . . . . . . . Route ------- -11/Scrapyard -10/Materials (discovered 6 exits: *Mat x3 / [*Min x2] / [*Sub]) -10/Mines (discovered 2 exits: *Mat x2) -9/Materials (discovered 4 exits: *Mat x3 / *Min) -9/Mines (discovered 3 exits: *Mat x2 / *Exi) -9/Exiles (discovered 2 exits: [*Min x2]) -8/Mines (discovered 2 exits: *Mat x2) -8/Materials (discovered 4 exits: *Fac x3 / Gar) -8/Garrison (discovered 3 exits: *Mat x3) -8/Materials (discovered 2 exits: *Fac / Gar) -8/Garrison (discovered 3 exits: *Fac x3) -7/Factory (discovered 6 exits: Fac x3 / Sto / *Low x2) -7/Waste -7/Factory -7/Garrison (discovered 3 exits: *Fac x3) -6/Factory -6/Waste -6/Factory (discovered 3 exits: *Fac x2 / Gar) -6/Garrison (discovered 2 exits: *Fac x2) -5/Factory -4/Factory -4/Waste -4/Factory (discovered 2 exits: *Res / *Ext) -4/Extension (discovered 2 exits: *Res / *Cet) -4/Cetus (discovered 2 exits: *Res / [*Arc]) -4/Archives -4/Hub_04(d) (discovered 2 exits: *Res x2) -3/Research (discovered 2 exits: *Res / Gar) -3/Garrison (discovered 3 exits: *Res x3) -2/Research History --------- Turn | Location | Event 13 | -11/Scrapyard | Discovered new exit (range 2) 125 | -11/Scrapyard | Entered Materials 126 | -10/Materials | Met a group of wandering Federalists 210 | -10/Materials | Discovered new exit (range 14) 306 | -10/Materials | Build established: Mutant 524 | -10/Materials | Discovered new exit (range 12) 1277 | -10/Materials | Discovered new exit (range 6) 1563 | -10/Materials | Discovered new exit (range 12) 1724 | -10/Materials | Build established: Scavenger-Mutant 1739 | -10/Materials | Discovered new exit (range 16) 1845 | -10/Materials | Discovered new exit (range 13) 2471 | -10/Materials | Build established: Mutant 2915 | -10/Materials | Repaired Lgt. Treads 3020 | -10/Materials | Entered Mines 3043 | -10/Mines | Met a Derelict bent on vengeance 3067 | -10/Mines | Joined a pair of Derelicts in attacking an 0b10 outpost 3618 | -10/Mines | Core integrity fell below 50% 3661 | -10/Mines | Learned location of Zion (-6) 4285 | -10/Mines | Discovered new exit (range 6) 4333 | -10/Mines | Received a Mining Laser from a helpful Derelict 4880 | -10/Mines | Discovered new exit (range 11) 4889 | -10/Mines | Learned Materials emergency access door positions 4939 | -10/Mines | Entered Materials 4939 | -9/Materials | Evolved 2 slots: Propulsion x1, Utility x1 5249 | -9/Materials | Build established: Scavenger-Mutant 6110 | -9/Materials | Discovered new exit (range 15) 6163 | -9/Materials | Learned Storage security intel 6204 | -9/Materials | Identified exit to Materials 6237 | -9/Materials | Learned location of 1 exit from Recycling 6262 | -9/Materials | Learned Materials emergency access door positions 6275 | -9/Materials | Loaded intel: 2 recycling unit locations 6280 | -9/Materials | Loaded intel: 16 trap records 6847 | -9/Materials | Repaired Hvy. Assault Rifle 6881 | -9/Materials | Repaired Hvy. Assault Rifle 7154 | -9/Materials | Repaired Beamcaster 7253 | -9/Materials | Central database locked down 7504 | -9/Materials | Discovered new exit (range 9) 7817 | -9/Materials | Learned location of 1 exit from Recycling 7861 | -9/Materials | Learned location of 2 exits from Materials 7894 | -9/Materials | Identified exit to Mines 7969 | -9/Materials | Learned Materials trap positions 8034 | -9/Materials | Learned location of 1 exit from Recycling 8515 | -9/Materials | Entered Mines 8933 | -9/Mines | Deemed a non-threat by the Exiles lab entrance 8933 | -9/Mines | Discovered new exit (range 5) 9069 | -9/Mines | Discovered exit to Materials (range 6) 9150 | -9/Mines | Assembled infested the area 9221 | -9/Mines | Core integrity fell below 50% 9255 | -9/Mines | Destroyed 7 combat bots 9410 | -9/Mines | Found a damaged Exp. Sensor Array with a note attached 9415 | -9/Mines | Found Prototype Device 9415 | -9/Mines | Identified Exp. Sensor Array 9630 | -9/Mines | Learned 2 Materials zone layouts 9684 | -9/Mines | Discovered exit to Materials (range 12) 9806 | -9/Mines | Assisted by bots powering up and referring to "LRC-V3" 10214 | -9/Mines | Entered Exiles 10214 | -9/Exiles | Accompanied by 3 allies 10240 | -9/Exiles | Discovered new exit (range 15) 10264 | -9/Exiles | Met 8R-AWN 10297 | -9/Exiles | Met EX-HEX 10377 | -9/Exiles | Met EX-DEC 10488 | -9/Exiles | Met EX-BIN 10514 | -9/Exiles | Aligned with FarCom system 10516 | -9/Exiles | Given EX-Vault access code 10564 | -9/Exiles | Opened EX-Vault 10578 | -9/Exiles | Found Firepult 10591 | -9/Exiles | Found AWS/Gauss 10599 | -9/Exiles | Found Skeleton Box 10641 | -9/Exiles | Warned to stay clear of 0b10 Research branches 10814 | -9/Exiles | Discovered new exit (range 11) 10835 | -9/Exiles | Stole three prototypes: Skeleton Box, Firepult, AWS/Gauss 10835 | -9/Exiles | Entered Mines 10835 | -8/Mines | Accompanied by 3 allies 10970 | -8/Mines | Discovered exit to Materials (range 5) 11130 | -8/Mines | Found a Scrap Suit stashed away for nefarious purposes 11951 | -8/Mines | Discovered exit to Materials (range 7) 12192 | -8/Mines | Entered Materials 12192 | -8/Materials | Accompanied by 1 ally 12192 | -8/Materials | Evolved 2 slots: Utility x1, Weapon x1 12193 | -8/Materials | Identified exit to Factory 12195 | -8/Materials | Loaded intel: 9 trap records 12501 | -8/Materials | Build established: Scavenger-Skirmisher 12623 | -8/Materials | Garrison activated, responded to threat 12664 | -8/Materials | Destroyed 7 combat bots 13105 | -8/Materials | Build established: Scavenger-Tank 13365 | -8/Materials | Identified exit to Garrison 13413 | -8/Materials | Learned 2 Lower Caves zone layouts 13431 | -8/Materials | Learned Storage stockpile data 13440 | -8/Materials | Learned Storage security intel 13447 | -8/Materials | Learned location of Extension (-4) 15542 | -8/Materials | Found Prototype Device 15542 | -8/Materials | Identified Active Sensor Suite 16247 | -8/Materials | Build established: Scavenger-Skirmisher 16299 | -8/Materials | Repaired Broken Exp. Sensor Array 16344 | -8/Materials | Repaired Imp. Cooling System 16371 | -8/Materials | Repaired Lgt. Treads+ 16404 | -8/Materials | Repaired Lgt. Treads+ 16431 | -8/Materials | Repaired Lgt. Treads+ 16559 | -8/Materials | Repaired Arm. Treads 17484 | -8/Materials | Learned location of 2 exits from Factory 17581 | -8/Materials | Learned Storage trap positions 17633 | -8/Materials | Learned Factory emergency access door positions 17666 | -8/Materials | Learned location of 3 exits from Factory 17759 | -8/Materials | Entered Garrison 17759 | -8/Garrison | Discovered recently destroyed garrison 18155 | -8/Garrison | Build established: Scavenger-Mutant 18181 | -8/Garrison | Discovered new exit (range 11) 18199 | -8/Garrison | Installed Relay Interface Framework 18599 | -8/Garrison | Learned Materials security intel 18607 | -8/Garrison | Discovered new exit (range 12) 18724 | -8/Garrison | Build established: Commander-Mutant 18950 | -8/Garrison | Discovered new exit (range 8) 18979 | -8/Garrison | Expanded RIF knowledge: Threat Obfuscation 19025 | -8/Garrison | Entered Materials 19025 | -8/Materials | Accompanied by 8 allies 19289 | -8/Materials | Build established: Commander-Skirmisher 19424 | -8/Materials | Discovered exit to Factory (range 8) 19430 | -8/Materials | Identified exit to Garrison 19452 | -8/Materials | Entered Garrison 19452 | -8/Garrison | Accompanied by 6 allies 19546 | -8/Garrison | Triggered checkpoint 19735 | -8/Garrison | Triggered checkpoint 19771 | -8/Garrison | Lost 3 allies 19969 | -8/Garrison | Expanded RIF knowledge: Robot Detection 20008 | -8/Garrison | Discovered exit to Factory (range 10) 20092 | -8/Garrison | Triggered checkpoint 20176 | -8/Garrison | Expanded RIF knowledge: Alert ID Control 20280 | -8/Garrison | Triggered checkpoint 20414 | -8/Garrison | Discovered exit to Factory (range 12) 20432 | -8/Garrison | Rescued a captive Derelict 20434 | -8/Garrison | Rescued a captive Derelict 20479 | -8/Garrison | Triggered checkpoint 20759 | -8/Garrison | Discovered exit to Factory (range 10) 20975 | -8/Garrison | Build established: Scavenger-Mutant 21095 | -8/Garrison | Garrison Relay disabled 21254 | -8/Garrison | Entered Factory 21254 | -7/Factory | Accompanied by 2 allies 21254 | -7/Factory | Evolved 2 slots: Propulsion x1, Utility x1 21255 | -7/Factory | Identified exit to Storage 21256 | -7/Factory | Identified exit to Lower Caves 21256 | -7/Factory | Identified exit to Factory 21256 | -7/Factory | FarCom data flow suspended 21544 | -7/Factory | Build established: Scavenger-Tank 22376 | -7/Factory | Sucked down chute 22376 | -7/Factory | Entered Waste 22377 | -7/Waste | Met a frightened Derelict 22388 | -7/Waste | Spotted C-40 Crusher 22391 | -7/Waste | EMP discharged 22391 | -7/Waste | System corruption reached 10% 22401 | -7/Waste | 1 allies followed down the chute 22425 | -7/Waste | Spotted C-40 Crusher 22456 | -7/Waste | Spotted C-40 Crusher 22466 | -7/Waste | Spotted C-40 Crusher 22476 | -7/Waste | Spotted C-40 Crusher 22482 | -7/Waste | Spotted C-40 Crusher 22491 | -7/Waste | EMP discharged 22522 | -7/Waste | Met Warlord forces unprepared to attack 22578 | -7/Waste | Allies destroyed C-40 Crusher 22584 | -7/Waste | Allies destroyed C-40 Crusher 22588 | -7/Waste | Allies destroyed C-40 Crusher 22591 | -7/Waste | EMP discharged 22623 | -7/Waste | Lost 7 allies 22629 | -7/Waste | Allies destroyed C-40 Crusher 22634 | -7/Waste | Allies destroyed C-40 Crusher 22658 | -7/Waste | Found Damper Plating 22664 | -7/Waste | Lost 6 allies 22691 | -7/Waste | EMP discharged 22791 | -7/Waste | EMP discharged 22812 | -7/Waste | Build established: Scavenger-Mutant 22871 | -7/Waste | Discovered new exit (range 13) 22891 | -7/Waste | EMP discharged 22913 | -7/Waste | Entered Factory 22913 | -7/Factory | Accompanied by 3 allies 22924 | -7/Factory | Lost 4 allies 23261 | -7/Factory | Identified exit to Garrison 23478 | -7/Factory | Repaired Broken Hvy. Treads 23524 | -7/Factory | Entered Garrison 23524 | -7/Garrison | Accompanied by 3 allies 23550 | -7/Garrison | Triggered checkpoint 23560 | -7/Garrison | Expanded RIF knowledge: Autooverride 23812 | -7/Garrison | Triggered checkpoint 23831 | -7/Garrison | Triggered checkpoint 23931 | -7/Garrison | Discovered exit to Factory (range 10) 24002 | -7/Garrison | Triggered checkpoint 24124 | -7/Garrison | Triggered checkpoint 24245 | -7/Garrison | Discovered exit to Factory (range 13) 24451 | -7/Garrison | Triggered checkpoint 24598 | -7/Garrison | Triggered checkpoint 24717 | -7/Garrison | Triggered checkpoint 24770 | -7/Garrison | Rescued a captive Derelict 24841 | -7/Garrison | Discovered exit to Factory (range 12) 25263 | -7/Garrison | Entered Factory 25263 | -6/Factory | Accompanied by 3 allies 25263 | -6/Factory | Evolved 2 slots: Utility x2 25577 | -6/Factory | Build established: Scavenger-Tank 25657 | -6/Factory | Found Powered Armor 25943 | -6/Factory | Sucked down chute 25943 | -6/Factory | Entered Waste 25958 | -6/Waste | 1 allies followed down the chute 25958 | -6/Waste | EMP discharged 25960 | -6/Waste | Spotted C-40 Crusher 25960 | -6/Waste | Spotted C-40 Crusher 25978 | -6/Waste | Spotted C-40 Crusher 25988 | -6/Waste | Spotted C-40 Crusher 26043 | -6/Waste | Spotted C-40 Crusher 26045 | -6/Waste | Spotted C-40 Crusher 26058 | -6/Waste | EMP discharged 26151 | -6/Waste | Discovered new exit (range 12) 26158 | -6/Waste | EMP discharged 26258 | -6/Waste | EMP discharged 26312 | -6/Waste | Destroyed C-40 Crusher 26343 | -6/Waste | Found Damper Plating 26358 | -6/Waste | EMP discharged 26455 | -6/Waste | Destroyed C-40 Crusher 26458 | -6/Waste | EMP discharged 26558 | -6/Waste | EMP discharged 26607 | -6/Waste | Destroyed C-40 Crusher 26658 | -6/Waste | EMP discharged 26690 | -6/Waste | Destroyed C-40 Crusher 26758 | -6/Waste | EMP discharged 26858 | -6/Waste | EMP discharged 26891 | -6/Waste | Destroyed C-40 Crusher 26958 | -6/Waste | EMP discharged 27005 | -6/Waste | Destroyed C-40 Crusher 27058 | -6/Waste | EMP discharged 27146 | -6/Waste | Entered Factory 27353 | -6/Factory | Identified exit to Garrison 27539 | -6/Factory | Discovered new exit (range 15) 27645 | -6/Factory | Discovered new exit (range 7) 28355 | -6/Factory | Allied Derelicts emerged from ambush trap array 28411 | -6/Factory | Entered Garrison 28498 | -6/Garrison | Remotely autohacked Sealed Heavy Doors 28649 | -6/Garrison | Triggered checkpoint 28730 | -6/Garrison | Expanded RIF knowledge: Zone Cloak 28876 | -6/Garrison | P-60 Hacker assimilated allied GE-1BY(g) 28957 | -6/Garrison | Triggered checkpoint 28975 | -6/Garrison | Triggered checkpoint 28979 | -6/Garrison | Triggered checkpoint 29303 | -6/Garrison | Triggered checkpoint 29373 | -6/Garrison | Triggered checkpoint 29529 | -6/Garrison | Phase Generator disabled 29769 | -6/Garrison | Found Gamma Bomb Array 29851 | -6/Garrison | Triggered checkpoint 29900 | -6/Garrison | Discovered new exit (range 9) 29922 | -6/Garrison | Spotted B-90 Cyclops 29942 | -6/Garrison | Destroyed B-90 Cyclops 29969 | -6/Garrison | Rewired B-75 Beast 29970 | -6/Garrison | Rewired B-90 Cyclops 30255 | -6/Garrison | Triggered checkpoint 30341 | -6/Garrison | Discovered new exit (range 9) 30457 | -6/Garrison | Triggered checkpoint 30459 | -6/Garrison | Garrison Relay disabled 30540 | -6/Garrison | AWS/Gauss suddenly broke down 30691 | -6/Garrison | Triggered checkpoint 30961 | -6/Garrison | Entered Factory 30961 | -5/Factory | Accompanied by 6 allies 30961 | -5/Factory | Evolved 2 slots: Power x1, Propulsion x1 31260 | -5/Factory | Lost 3 allies 31261 | -5/Factory | First assault squad dispatched 31513 | -5/Factory | Garrison activated, responded to threat 31804 | -5/Factory | Destroyed 15 combat bots 31852 | -5/Factory | High security lockdown imminent 31932 | -5/Factory | High security lockdown engaged 31993 | -5/Factory | Discovered new exit (range 14) 32008 | -5/Factory | Destroyed 8 combat bots 32019 | -5/Factory | Entered another Factory area 32019 | -4/Factory | Evolved 2 slots: Propulsion x1, Utility x1 32020 | -4/Factory | Identified exit to Extension 32101 | -4/Factory | Lost 3 parts (1n1u1w) 32272 | -4/Factory | P-70 Sage assimilated allied Destroyer 7b 32274 | -4/Factory | P-70 Sage assimilated allied Destroyer 7a 32519 | -4/Factory | First assault squad dispatched 32581 | -4/Factory | Sucked down chute 32581 | -4/Factory | Entered Waste 32582 | -4/Waste | Joined by Warlord forces that had cleared the area 32861 | -4/Waste | A Compactor rumbled back to life 32861 | -4/Waste | Destroyed C-40 Crusher 32884 | -4/Waste | Build established: Tank 33305 | -4/Waste | Discovered new exit (range 12) 33625 | -4/Waste | Build established: Scavenger-Tank 33851 | -4/Waste | Entered Factory 33851 | -4/Factory | Accompanied by 18 allies 34061 | -4/Factory | Lost 3 allies 34219 | -4/Factory | Lost 9 allies 34644 | -4/Factory | Destroyed 7 combat bots 34648 | -4/Factory | Lost 3 allies 34850 | -4/Factory | Discovered exit to Extension (range 16) 34865 | -4/Factory | Build established: Tank 34881 | -4/Factory | Discovered new exit (range 49) 34922 | -4/Factory | Entered Extension 34922 | -4/Extension | Accompanied by 1 ally 35330 | -4/Extension | Build established: Scavenger-Tank 35609 | -4/Extension | Remotely autohacked Sealed Heavy Doors 35612 | -4/Extension | Rescued A7 35737 | -4/Extension | Remotely autohacked Sealed Heavy Doors 35738 | -4/Extension | Rescued a captive Derelict 35946 | -4/Extension | Spotted B-86 Titan 35961 | -4/Extension | Destroyed B-86 Titan 35973 | -4/Extension | Spotted B-86 Titan 36000 | -4/Extension | Allies destroyed B-86 Titan 36010 | -4/Extension | Lost 3 allies 36119 | -4/Extension | Remotely autohacked Sealed Heavy Doors 36120 | -4/Extension | Rescued a captive Derelict 36433 | -4/Extension | Remotely autohacked Sealed Heavy Doors 36436 | -4/Extension | Rescued a captive Derelict 36460 | -4/Extension | Remotely autohacked Sealed Heavy Doors 36460 | -4/Extension | Rescued a captive Derelict 36460 | -4/Extension | Rescued a captive Derelict 36518 | -4/Extension | Remotely autohacked Sealed Heavy Doors 36518 | -4/Extension | Rescued a captive Derelict 36524 | -4/Extension | Rescued a captive Derelict 36563 | -4/Extension | Discovered new exit (range 10) 36568 | -4/Extension | Discovered new exit (range 6) 37387 | -4/Extension | Lost 3 allies 37546 | -4/Extension | Entered Cetus 37546 | -4/Cetus | Accompanied by 5 allies (A7) 37551 | -4/Cetus | Acquired a Cetus Manufacturing Module code from A7 37566 | -4/Cetus | Spotted Cetus Guard 37569 | -4/Cetus | Destroyed Cetus Guard 37570 | -4/Cetus | Spotted Cetus Guard 37572 | -4/Cetus | Spotted Cetus Guard 37574 | -4/Cetus | Allies destroyed Cetus Guard 37577 | -4/Cetus | Destroyed Cetus Guard 37587 | -4/Cetus | Destroyed Cetus Guard 37671 | -4/Cetus | Started Cetus Manufacturing Module 37692 | -4/Cetus | Discovered new exit (range 15) 37696 | -4/Cetus | Manufactured an Enhanced Grunt 37721 | -4/Cetus | Manufactured an Enhanced Grunt 37722 | -4/Cetus | Spotted Cetus Guard 37722 | -4/Cetus | Spotted Cetus Guard 37723 | -4/Cetus | Spotted Cetus Guard 37727 | -4/Cetus | Destroyed Cetus Guard 37728 | -4/Cetus | Allies destroyed Cetus Guard 37728 | -4/Cetus | Spotted Cetus Guard 37733 | -4/Cetus | Destroyed Cetus Guard 37746 | -4/Cetus | Manufactured an Enhanced Grunt 37746 | -4/Cetus | Destroyed Cetus Guard 37757 | -4/Cetus | Discovered new exit (range 15) 37765 | -4/Cetus | Met Revision 17 37771 | -4/Cetus | Manufactured an Enhanced Grunt 37796 | -4/Cetus | Manufactured an Enhanced Grunt 37914 | -4/Cetus | Remotely autohacked Sealed Heavy Doors 37915 | -4/Cetus | Escorted A7 to Cetus Mainframe 38107 | -4/Cetus | Entered Archives 38107 | -4/Archives | Accompanied by 8 allies (A7) 38112 | -4/Archives | Received a hacking code to weaken MAIN.C 38406 | -4/Archives | Met Zhirov 38412 | -4/Archives | Reinforcements dispatched to Archives 38418 | -4/Archives | Discovered new exit (range 15) 38444 | -4/Archives | Entered Hub_04(d) 38444 | -4/Hub_04(d) | Accompanied by 6 allies 38858 | -4/Hub_04(d) | Discovered new exit (range 15) 39224 | -4/Hub_04(d) | Discovered new exit (range 10) 39475 | -4/Hub_04(d) | Network Hub disabled 39475 | -4/Hub_04(d) | Network Hub disabled 40007 | -4/Hub_04(d) | Spotted Lightning 40030 | -4/Hub_04(d) | Spotted Lightning 40032 | -4/Hub_04(d) | Spotted Lightning 40051 | -4/Hub_04(d) | Destroyed Lightning 40064 | -4/Hub_04(d) | Destroyed Lightning 40067 | -4/Hub_04(d) | Destroyed Lightning 40081 | -4/Hub_04(d) | Spotted Lightning 40081 | -4/Hub_04(d) | Spotted Lightning 40082 | -4/Hub_04(d) | Spotted Lightning 40135 | -4/Hub_04(d) | Destroyed Lightning 40151 | -4/Hub_04(d) | Destroyed Lightning 40182 | -4/Hub_04(d) | Destroyed Lightning 40194 | -4/Hub_04(d) | First assault squad dispatched 40196 | -4/Hub_04(d) | System corruption reached 10% 40196 | -4/Hub_04(d) | Found Prototype Device 40197 | -4/Hub_04(d) | Identified Exp. EM Shield 40203 | -4/Hub_04(d) | Found Exp. Targeting Computer 40215 | -4/Hub_04(d) | Found Exp. EM Shield 40274 | -4/Hub_04(d) | Found Exp. Targeting Computer 40348 | -4/Hub_04(d) | Entered Research 40348 | -3/Research | Evolved 2 slots: Power x1, Utility x1 40548 | -3/Research | Revision forces began assault on 0b10 40578 | -3/Research | Met up with Revision 17++ 40721 | -3/Research | Found Prototype Device 40722 | -3/Research | Identified System Purifier 40732 | -3/Research | Found System Purifier 40836 | -3/Research | Found Prototype Device 40836 | -3/Research | Identified Adv. Kinecellerator 40900 | -3/Research | Found Prototype Launcher 40900 | -3/Research | Identified Tactical Quantum Warhead 40989 | -3/Research | Found Prototype Hackware 40989 | -3/Research | Identified Exp. System Shield 41048 | -3/Research | Research terminal network offline 41149 | -3/Research | Discovered new exit (range 15) 41441 | -3/Research | Spotted Striker 41441 | -3/Research | Spotted Striker 41456 | -3/Research | Destroyed Striker 41471 | -3/Research | Spotted Executioner 41473 | -3/Research | Spotted Striker 41480 | -3/Research | Destroyed Executioner 41487 | -3/Research | Repaired Broken Adv. KE Penetrator 41609 | -3/Research | Spotted Striker 41631 | -3/Research | Destroyed Striker 41658 | -3/Research | Lost 3 allies 41798 | -3/Research | Spotted Striker 41816 | -3/Research | Destroyed Striker 42003 | -3/Research | Identified exit to Garrison 42013 | -3/Research | Entered Garrison 42101 | -3/Garrison | Triggered checkpoint 42156 | -3/Garrison | Discovered new exit (range 48) 42156 | -3/Garrison | Discovered new exit (range 72) 42156 | -3/Garrison | Discovered new exit (range 70) 42313 | -3/Garrison | Spotted B-86 Titan 42316 | -3/Garrison | Triggered checkpoint 42329 | -3/Garrison | Triggered checkpoint 42332 | -3/Garrison | Destroyed B-86 Titan 42480 | -3/Garrison | Triggered checkpoint 42611 | -3/Garrison | Expanded RIF knowledge: Watcher Feeds 42882 | -3/Garrison | Expanded RIF knowledge: Program Shield 42904 | -3/Garrison | Found embedded Infiltrators 43355 | -3/Garrison | Entered Research 43355 | -2/Research | Accompanied by 3 allies 43355 | -2/Research | Evolved 2 slots: Utility x2 43605 | -2/Research | First assault squad dispatched 43629 | -2/Research | Found Prototype Launcher 43629 | -2/Research | Identified Gui. Micro-nuke Launcher 43661 | -2/Research | Repaired Broken Adv. KE Penetrator? 44256 | -2/Research | Destroyed 7 combat bots 44777 | -2/Research | Central database locked down 44824 | -2/Research | Found Prototype Launcher 44824 | -2/Research | Identified Point Singularity Launcher 44948 | -2/Research | Destroyed 8 combat bots 45358 | -2/Research | High security lockdown imminent 45438 | -2/Research | High security lockdown engaged 45461 | -2/Research | Spotted B-90 Cyclops 45487 | -2/Research | Destroyed 13 combat bots 45516 | -2/Research | Lost 14 parts (2p3n6u3w) 45578 | -2/Research | Garrison activated, responded to threat 45587 | -2/Research | Core integrity fell below 50% 45594 | -2/Research | Spotted Striker 45594 | -2/Research | Spotted Executioner 45600 | -2/Research | Core integrity fell below 20% 45609 | -2/Research | Destroyed by Executioner with Helical Railgun Last Messages --------------- 45595_ Acquired 75 matter. 45595_ B-74 Champion overheating. 45596_ B-74 Champion heat spikes uncontrollably. 45596_ B-74 Champion overheating. 45597_ B-74 Champion heat damages core (-33). 45597_ Adv. Transmission Jammer destroyed. 45597_ Penetrated by Slug. 45598_ B-74 Champion heat damages core (-32). 45598_ Powered Hammer melted. 45599_ Knocked back. 45601_ Meson Extractor disabled. 45601_ Knocked back. 45602_ Detecting nearby Garrison Access. 45605_ Door malfunctions. 45605_ Penetrated by Slug. 45605_ Slug penetrates Wall. 45605_ Penetrated by Slug. 45605_ Slug penetrates Wall. 45606_ W-44 Eye sends out distress signal. 45609_ Penetrated by Slug. Map ----- +----------------------------------------------------+ | # #???????## %! ##/########??????????? | | # = #???????#"% %!# """???????????????? | | # = =!! #???????##*%*%# """ """ ??????????? | | + =! #???????#"%%%% ?????????? | | # =! ! #???????#"[/! ?????????? | | # #???????##%|%=# ?????????? | | #######################=[= %# ?????????? | | ?????????????# % !![%[=# ??????????? | | ?????????????# ! %=%*## #######??????????? | | ?????????????# #*!%*[## ######???????????? | | ?????????????# "" = !%!" ???????????? | | ?????????????# """ % !] ???????????? | | ?????????????# """ E %] ??????????? | | ?????????????# % % %] ???????????? | | ?????????????# p!% # """????????????? | | ?????????????########"## # ""?????????????? | | ????????????????########% ### "??????????????? | | ####????????????# #?? ??????????????? | | #????????????# #??? ???????????????? | | ############## K #????????????????????? | | #! # #????????"???????????? | | # # ##;;/#####???? "" ????????? | | #""" """ # # #?? G ????????? | | #""" """ # # w # "" ?????????? | | #""" """ # # + " ???????? | | #"S """ + ; @ # * ?????? | | #"" """ # ;""" #? ?????? | | #"" """ # ;""" #??? ??????? | | # """ # #""" #????T#####????????? | | # # # #??????????????????? | | #### # # ] #??????????????????? | | + # ####;#####??????????????????? | | ################# #??###??????????????????????? | | ????????????????# #???????????????????????????? | | ????????????????# #???????????????????????????? | | ????????????????# #???????????????????????????? | | ????????????????# #???????????????????????????? | | ????????????????# #???????????????????????????? | | ????????????????# #???????????????????????????? | | ????????????????# #???????????????????????????? | | ????????????????# #???????????????????????????? | | ????????????????# #???????????????????????????? | | ????????????????# #???????????????????????????? | | ????????????????# #???????????????????????????? | | ????????????????# #???????????????????????????? | | ????????????????# ???????????????????????????? | | ????????????????# ???????????????????????????? | | ????????????????# ???????????????????????????? | | ????????????????# ???????????????????????????? | | ????????????????######???????????????????????????? | +----------------------------------------------------+ Best States ------------- Heat Dissipation 116 Coolant Potential 100 Energy Generation 65 Energy Capacity 1600 Matter Stores 300 Matter Capacity 300 Sight Range 16 Robot Scan Range 20 Terrain Scan Density 10 Jamming Range 16 Cloak Strength 3 Power Amplification 20 Armor Coverage 3200 Resistance: KI 20 Resistance: EX 50 Resistance: EM 90 Point Defense Rating 160 Weapon Cycling 20 Phase Shifting 5 Evasion (%) 50 Targeting Accuracy 12 Core Analysis 6 Recoil Reduction 6 Matter Filtering 50 Energy Filtering 50 Kinecelleration 50 Offensive Hacking 10 Defensive Hacking 16 Relay Coupler Types 1 Relay Coupler Value 33 Item Schematics ----------------- Seismic Detector | -9/Materials | Scanalyzed Exp. Sensor Array | -7/Factory | Scanalyzed Adv. Force Field | -5/Factory | Scanalyzed Robot Schematics ------------------ M-13 Machinist | -10/Materials | Hacked Fabricated ------------ Nothing Repaired ---------- Lgt. Treads | 17% | -10/Materials Hvy. Assault Rifle | 1% | -9/Materials Hvy. Assault Rifle | 19% | -9/Materials Beamcaster | 53% | -9/Materials Exp. Sensor Array | 62% | -8/Materials | Broken Imp. Cooling System | 67% | -8/Materials Lgt. Treads | 40% | -8/Materials Lgt. Treads | 56% | -8/Materials Lgt. Treads | 67% | -8/Materials Arm. Treads | 75% | -8/Materials Hvy. Treads | 58% | -7/Factory | Broken Adv. KE Penetrator | 59% | -3/Research | Broken Adv. KE Penetrator | 50% | -2/Research | Broken Studied --------- Lgt. Treads | -9/Materials | Hacked Mni. Grenade Launcher | -9/Materials | Hacked Hvy. Assault Rifle | -9/Materials | Hacked Gatling Laser | -7/Factory | Hacked Arm. Treads | -7/Factory | Hacked Adv. Treads | -7/Factory | Hacked Hvy. Treads | -5/Factory | Hacked Hyb. Antimatter Reactor | -2/Research | Hacked Alien Tech Used ----------------- None Achievements -------------- Some Acronyms Are Better Than Others Well Done Challenges ------------ None Game ------ Seed TractorComponentEngine Manual? 0 Play Time 09:13:26 Cumulative 396.1 hours Start 2025.11.11 @ 02:24:01 End 2025.11.14 @ 01:23:23 Sessions 7 Manual Loads 0 Difficulty Rogue Special Mode None Game No. 143 Rogue 143 Adventurer 0 Explorer 0 Win Type - Total 8 Types 4/0/2/1/0/0/1/0/0/0 Lore% 66 Gallery% 77 Achievement% 56 Wizard Run 0 Options --------- Layout 0 ASCII 0 Keyboard 0 Movement Numpad Keybinds 1 Fullscreen 2 Font 18/X11 Map View 76x50 Zoom Use 0% Tactical HUD 1 Map Filters NONE Filters NONE Steam 1 RUN: 8e6bb7e8-195f-4619-a01f-454ae6922d72